 Dungeon Crawl Stone Soup version 0.32-a0-913-g739538afd8 (webtiles) character file.

Game seed: 13884084760736387148

355528 IndexError the Luminary of Lethal Lore (level 22, -3/176 HPs)
             Began as a Gnoll Conjurer on Apr 5, 2024.
             Was the Champion of Vehumet.
             Killed from afar by a hellion (24 damage)
             ... with damnation
             ... in a wizard's laboratory on Apr 9, 2024.
             The game lasted 02:50:39 (62975 turns).

IndexError the Luminary of Lethal Lore (GnCj)      Turns: 62975, Time: 02:50:40

Health: -3/176     AC: 33    Str:  5    XL:     22   Next: 32%
Magic:  42/42      EV: 12    Int: 32    God:    Vehumet [******]
Gold:   740        SH: 14    Dex: 11    Spells: 6/53 levels left

rFire   + + .        K - staff of conjuration {!a}
rCold   + + .        E - +2 buckler {AC+3}
rNeg    . . .        p - +4 ring mail of Ufufasin {^Drain rPois Will++ Int+3}
rPois   +            W - +2 helmet {SInv}
rElec   +            r - +2 cloak {rCorr}
rCorr   +            q - +5 pair of gloves of the Countless Bounties {Fly rF+}
SInv    +            S - +2 pair of boots
Will    +++..        u - amulet of reflection
Stlth   +++++        c - ring of Tociff {rElec rPois rF+ rC+ Str-4 Int+3}
HPRegen 0.49/turn    J - ring of wizardry {Wiz+, !d}
MPRegen 0.28/turn

%: reflection, wizardry (x1)
@: flying
A: fangs 1, strong nose, distributed training, cold resistance 1
}: 2/15 runes: serpentine, barnacled
a: Renounce Religion


You were in a wizard's laboratory.
You worshipped Vehumet.
Vehumet was exalted by your worship.
You visited 8 branches of the dungeon, and saw 38 of its levels.
You visited 2 bazaars.
You also visited: Wizlab.

You collected 4046 gold pieces.
You spent 3306 gold pieces at shops.

Inventory:

Missiles
 j - 6 darts of dispersal {=f}
 C - 7 javelins
 L - 8 silver javelins
 R - 7 curare-tipped darts
Armour
 m - a scarf of repulsion
   (You found it on level 10 of the Dungeon)
 p - the +4 ring mail of Ufufasin (worn) {^Drain rPois Will++ Int+3}
   (You found it on level 5 of the Lair of Beasts)

   Int+3:     It affects your intelligence (+3).
   rPois:     It protects you from poison.
   Will++:    It greatly increases your willpower.
   ^Drain:    It drains your maximum health when unequipped.
 q - the +5 pair of gloves of the Countless Bounties (worn) {Fly rF+}
   (You bought it in a shop in a bazaar)

   rF+:       It protects you from fire.
   Fly:       It grants you flight.
 r - a +2 cloak of preservation (worn)
   (You found it on level 14 of the Dungeon)
 E - a +2 buckler of protection (worn)
   (You bought it in a shop on level 2 of the Dungeon)
 S - a +2 pair of boots (worn)
   (You bought it in a shop on level 1 of the Vaults)
 W - a +2 helmet of see invisible (worn)
   (You found it on level 12 of the Dungeon)
Magical Staves
 K - a staff of conjuration (weapon) {!a}
   (You found it on level 7 of the Dungeon)
Jewellery
 c - the ring of Tociff (left hand) {rElec rPois rF+ rC+ Str-4 Int+3}
   (You bought it in a shop in a bazaar)

   [ring of protection from fire]

   Str-4:     It affects your strength (-4).
   Int+3:     It affects your intelligence (+3).
   rF+:       It protects you from fire.
   rC+:       It protects you from cold.
   rElec:     It insulates you from electricity.
   rPois:     It protects you from poison.
 g - a ring of positive energy {rN+}
   (You found it on level 2 of the Depths)
 u - an amulet of reflection (around neck)
   (You found it on level 3 of the Dungeon)
 y - the ring "Vihatt" {rF+ Will+ rCorr}
   (You found it on level 4 of the Shoals)

   [ring of protection from fire]

   rF+:       It protects you from fire.
   Will+:     It increases your willpower.
   rCorr:     It protects you from acid and corrosion.
 G - a ring of positive energy {rN+}
   (You took it off a tengu reaver on level 2 of the Depths)
 J - a ring of wizardry (right hand) {Wiz+, !d}
   (You found it on level 7 of the Dungeon)
Wands
 x - a wand of polymorph (20)
   (You found it on level 4 of the Shoals)
 A - a wand of paralysis (40)
   (You found it on level 5 of the Dungeon)
 M - a wand of light (27)
   (You found it on level 8 of the Dungeon)
 U - a wand of roots (17)
   (You found it on level 3 of the Lair of Beasts)
Scrolls
 d - a scroll of fog
 e - 2 scrolls of torment {!r}
 h - 11 scrolls of immolation {!r}
 k - 4 scrolls of revelation
 l - 3 scrolls of poison
 o - 11 scrolls of vulnerability {!r!r}
 s - 8 scrolls of teleportation
 v - 2 scrolls of silence
 F - 11 scrolls of blinking {!r}
 I - 2 scrolls of summoning
 Z - 4 scrolls of fear
Potions
 a - 10 potions of heal wounds
 b - 3 potions of magic
 f - 18 potions of curing
 i - 3 potions of lignification {!q}
 t - 5 potions of brilliance
 z - 5 potions of resistance
 B - 3 potions of might
 H - 2 potions of cancellation
 N - 2 potions of mutation {!q}
 Q - 4 potions of enlightenment
 T - 2 potions of invisibility
 X - 7 potions of haste
Miscellaneous
 P - a condenser vane
   (You found it on level 4 of the Shoals)
 V - a lightning rod (4/4)
   (You found it on level 1 of the Snake Pit)
 Y - a phantom mirror
   (You found it on level 1 of the Vaults)


   Skills:
 + Level 15.5 Fighting
 + Level 15.5 Short Blades
 + Level 15.5 Long Blades
 + Level 15.5 Axes
 + Level 15.5 Maces & Flails
 + Level 15.5 Polearms
 + Level 15.5 Staves
 + Level 15.5 Ranged Weapons
 + Level 15.5 Throwing
 + Level 15.5 Armour
 + Level 16.1 Dodging
 + Level 16.0 Stealth
 + Level 15.5 Shields
 + Level 15.5 Unarmed Combat
 + Level 16.2 Spellcasting
 + Level 14.8 Conjurations
 + Level 13.1 Hexes
 + Level 13.1 Summonings
 + Level 13.1 Necromancy
 + Level 13.1 Translocations
 + Level 13.1 Fire Magic
 + Level 13.1 Ice Magic
 + Level 13.1 Air Magic
 + Level 13.1 Earth Magic
 + Level 13.1 Alchemy
 + Level 16.8 Invocations
 + Level 15.5 Evocations
 + Level 14.3 Shapeshifting


You had 6 spell levels left.
You knew the following spells:

 Your Spells              Type           Power      Damage    Failure   Level
a - Magic Dart            Conj           100%       1d8       0%          1
b - Searing Ray           Conj           100%       2d8       0%          2
c - Fulminant Prism       Conj/Alch      54%        3d22      1%          4
d - Irradiate             Conj/Alch      54%        3d29      1%          5
e - Passage of Golubria   Tloc           84%        N/A       1%          4
f - Permafrost Eruption   Ice/Erth       42%        2x4d10    1%          6
g - Spellforged Servitor  Conj/Summ      54%        N/A       1%          7
h - Plasma Beam           Fire/Air       42%        2x1d56    1%          6
i - Lehudib's Crystal Sp  Conj/Erth      54%        10d13     12%         8
x - Iskenderun's Mystic   Conj/Tloc      100%       2d19      (+2d11%     4

Your spell library contained the following spells:

 Spells                   Type           Power      Damage    Failure   Level
 Maxwell's Capacitive Co  Air            42%        ∞         16%         8
 Chain Lightning          Conj/Air       54%        3d72      80%         9
 Fire Storm               Conj/Fire      54%        8d14      80%         9
 Sandblast                Erth           100%       2d20      0%          1
 Sting                    Conj/Alch      100%       1d9       0%          1
 Slow                     Hex            100%       N/A       1%          1
 Call Imp                 Summ           100%       N/A       1%          2
 Ensorcelled Hibernation  Hex/Ice        100%       N/A       1%          2
 Mercury Vapours          Alch/Air       100%       N/A       1%          2
 Sublimation of Blood     Necr           84%        N/A       1%          2
 Call Canine Familiar     Summ           84%        N/A       1%          3
 Confusing Touch          Hex            84%        N/A       1%          3
 Hailstorm                Conj/Ice       100%       3d16      1%          3
 Inner Flame              Hex/Fire       84%        N/A       1%          3
 Passwall                 Erth           84%        N/A       1%          3
 Sigil of Binding         Hex            84%        N/A       1%          3
 Stone Arrow              Conj/Erth      100%       3d13      1%          3
 Swiftness                Air            84%        N/A       1%          3
 Tukima's Dance           Hex            84%        N/A       1%          3
 Vampiric Draining        Necr           84%        2d12      1%          3
 Volatile Blastmotes      Fire/Tloc      100%       2d18      1%          3
 Anguish                  Hex/Necr       42%        N/A       1%          4
 Animate Dead             Necr           84%        N/A       1%          4
 Brom's Barrelling Bould  Conj/Erth      100%       2d11      1%          4
 Cause Fear               Hex            42%        N/A       1%          4
 Dimensional Bullseye     Hex/Tloc       42%        N/A       1%          4
 Flame Wave               Conj/Fire      100%       2d21      1%          4
 Olgreb's Toxic Radiance  Alch           84%        N/A       1%          4
 Sticky Flame             Fire/Alch      84%        2d13      1%          4
 Borgnjor's Vile Clutch   Necr/Erth      42%        N/A       1%          5
 Fireball                 Conj/Fire      54%        3d21      1%          5
 Iskenderun's Battlesphe  Conj           100%       2d15      1%          5
 Metabolic Englaciation   Hex/Ice        42%        N/A       1%          5
 Silence                  Hex/Air        42%        N/A       1%          5
 Yara's Violent Unravell  Hex/Alch       42%        3d17      1%          5
 Conjure Ball Lightning   Conj/Air       54%        3x3d20    1%          6
 Death Channel            Necr           42%        N/A       1%          6
 Sculpt Simulacrum        Ice/Alch       42%        N/A       1%          6
 Orb of Destruction       Conj           55%        9d14      1%          7
 Ozocubu's Refrigeration  Ice            42%        4d16      2%          7
 Enfeeble                 Hex            42%        N/A       9%          7
 Malign Gateway           Summ/Tloc      42%        N/A       9%          7
 Summon Hydra             Summ           42%        N/A       9%          7
 Ignition                 Fire           42%        3d12      16%         8
 Summon Horrible Things   Summ           42%        N/A       52%         8
 Polar Vortex             Ice            42%        12d5*     87%         9


Dungeon Overview and Level Annotations

Branches:
Dungeon (15/15)            Temple (1/1) D:7            Lair (5/5) D:9
 Shoals (4/4) Lair:3        Snake (4/4) Lair:2        Slime (0/5) Lair:5
    Orc (2/2) D:10            Elf (0/3) Orc:2        Vaults (4/5) D:13
  Crypt (0/3) Vaults:3     Depths (3/4) D:15         WizLab (1/1)

Altars:
Ashenzari
Cheibriados
Dithmenos
Elyvilon
Fedhas
Gozag
Hepliaklqana
Kikubaaqudgha
Makhleb
Nemelex Xobeh
Okawaru
Qazlal
Ru
Sif Muna
Trog
Uskayaw
Vehumet
Wu Jian
Xom
Yredelemnul
Zin
The Shining One
Beogh
Jiyva

Shops:
D:2 [   D:5 [   D:9 [   D:10 (   D:15 ([   Orc:2 !?=*   Shoals:2 [
Snake:1 !((:   Snake:3 *!!   Vaults:1 [   Depths:1 =:=

Portals:
Hell: Lair:5 Depths:1 Depths:2
Abyss: Depths:1 Depths:2
Pandemonium: Depths:2

Annotations:
Vaults:3 3 runed translucent doors, astronautguy's ghost, master FoEE
Vaults:4 3 runed translucent doors, exclusion: Jory, Yjimoseergh's ghost, adept SpFE
Depths:1 36 runed translucent doors


Innate Abilities, Weirdness & Mutations

You have very sharp teeth.
Your uncanny sense of smell can sniff out nearby items.
Your experience applies equally to all skills.
Your flesh is cold resistant. (rC+)


Message History

You bite the hellephant, but do no damage.
You block the hellephant's attack. x2; The hellephant barely misses you.
You hit the hellephant but do no damage.
You blast the hellephant!
You bite the hellephant, but do no damage.
The hellephant misses you. You block the hellephant's attack.
The hellephant closely misses you.
You hit the hellephant but do no damage.
You blast the hellephant!
Your spellforged servitor gestures at the hellephant while chanting.
The crystal spear hits the hellephant!
You catch the helpless hellephant completely off-guard!
You hit the hellephant but do no damage.
You blast the hellephant!
Vehumet accepts your kill.
You feel your power returning.
You regained 4 mp, and now have 41/42 mp.
No target in view!
Your spellforged servitor disappears in a puff of smoke!
HP restored.
There is a huge open gate, spattered with blood here.
A hellion comes into view.
The hellion moves out of view.
There is a huge open gate here.
Health restored: 176; MP restored: 42
There is a huge open gate here.
You see here a +1 demon whip of venom.
You see here a scroll of torment {!r}.
e - a scroll of torment {!r}
X - 7 potions of haste (gained 1)
A lorocyproca comes into view.
Casting: Spellforged Servitor (dangerous; 1% risk of failure)
Confirm with . or Enter, or press ? or * to list all spells.
You feel a surge of power!
You summon a servant imbued with your destructive magic!
The lorocyproca gives a chilling moan.
You now have 35/42 mp.
You hit the lorocyproca but do no damage.
You blast the lorocyproca!!
You block the lorocyproca's attack.
You hit the lorocyproca but do no damage.
You blast the lorocyproca!
You hit the lorocyproca but do no damage.
You block the lorocyproca's attack.
You hit the lorocyproca.
You blast the lorocyproca!
You bite the lorocyproca, but do no damage.
You hit the lorocyproca but do no damage.
You blast the lorocyproca!!
Vehumet accepts your kill.
You feel your power returning.
MP restored: 42 No target in view!
I - 2 scrolls of summoning (gained 1)
e - 2 scrolls of torment {!r} (gained 1)
There is an open gate here.
A hellephant comes into view.
A red devil comes into view.
It is wielding the +9 arbalest of Qeocoz {flame, Fly Dex+2} and carrying a wand of polymorph.
What are your orders? t - Bark!
Orders for allies: a - Attack new target. r - Retreat! s - Stop attacking. g - Guard the area. f - Follow me.
Anything else - Cancel.
Gang up on whom?
Press: ? - help, Dir - move target, f - red devil
Aim: a red devil, wielding the +9 arbalest of Qeocoz {flame, Fly Dex+2}, wearing a +0 scale mail and carrying a wand of polymorph (wandering, hasn't noticed you) Attack!
The red devil shoots a bolt.
The bolt hits your spellforged servitor!!
The hellephant trumpets!
A tormentor comes into view.
A bolt appears from out of your range of vision.
The bolt hits your spellforged servitor!
Your spellforged servitor disappears in a puff of smoke!
The hellephant blinks!
There is an open gate here.
The tormentor calls on the powers of darkness!
Your body is wracked with pain!
You take 87 damage, and have 89/176 hp.
MASSIVE DAMAGE!!
A balrug comes into view.
It is wielding a +0 demon whip of flaming.
The tormentor calls on the powers of darkness!
Your body is wracked with pain!
* * * LOW HITPOINT WARNING * * *
You take 44 damage, and have 48/176 hp.
MASSIVE DAMAGE!!
As you read the scroll of fog, it dissolves into smoke.
The balrug shouts!
The hellephant breathes flames at you. The blast of flame hits you!!
You resist.
* * * LOW HITPOINT WARNING * * *
You take 20 damage, and have 32/176 hp.
The tormentor calls on the powers of darkness!
Your body is wracked with pain!
* * * LOW HITPOINT WARNING * * *
There is a huge open gate here.
You take 15 damage, and have 18/176 hp.
There is a huge open gate here.
There is a huge open gate, spattered with blood here.
The hellion gives a hideous shriek!
The hellephant blinks!
The hellion gestures at you.
The sphere of damnation explodes!
The damnation engulfs you!!
You die...

#.........# ##.....##
#..##.##..###.......# .
#.##...##.##.........
..##....#..).##.........
..''..#...#..''.........
''....∩.)..''.........
#..#...#..##.........
#....#.2..##.........
#.##@..##.###.......#
##..##.##..####.....##
#⌠.........⌠# ##++##
##''#####§2## ##
#'##...##'###.##++
..#'#.....#'#......#
...................#
.......#....Y#.).......
........##..2##.........


You could see a hellion and a tormentor.

Vanquished Creatures
  An ancient lich (Vaults:4)
  Vashnia (Snake:4)
  A hellephant (WizLab)
  Zenata (Vaults:1)
  A lich (Vaults:4)
  Mlioglotl (Snake:4)
  A titan (Depths:2)
  Polyphemus (Shoals:4)
  A sphinx (Depths:2)
  A tengu reaver (Depths:2)
  A nagaraja (Snake:4)
  A vault warden (Vaults:4)
  2 frost giants (Depths:2)
  2 balrugs (WizLab)
  The ghost of Godo the Gelid, an adept DECj of Sif Muna (Shoals:4)
  3 ironbound preservers
  3 ironbound thunderhulks
  5 very ugly things
  2 orc warlords
  A vampire knight (Depths:1)
  5 dire elephants
  5 stone giants
  An elemental wellspring (Shoals:1)
  A minotaur (D:12)
  An eleionoma (Shoals:4)
  A war gargoyle (Vaults:2)
  A lorocyproca (WizLab)
  Snorg (Lair:3)
  A merfolk javelineer (Shoals:3)
  A crystal guardian (Vaults:2)
  An ettin (Depths:1)
  4 merfolk impalers
  Harold (Orc:1)
  A rakshasa (Depths:1)
  A peacekeeper (Vaults:2)
  The ghost of Omaurr the Thaumaturge, a journeyman DjAE of Ashenzari (D:12)
  Erolcha (Orc:1)
  A yaktaur captain (Vaults:3)
  10 hydras
  2 great orbs of eyes (Vaults:4)
  An ironbound frostheart (Vaults:3)
  A vault guard (Vaults:4)
  A salamander tyrant (Snake:4)
  7 centaur warriors
  10 two-headed ogres
  4 anacondas
  2 catoblepae
  2 boulder beetles (D:12)
  A deep troll shaman (Depths:1)
  5 death yaks
  A tengu warrior (D:15)
  3 satyrs
  A deep troll earth mage (Depths:2)
  An orc high priest (Orc:2)
  6 shock serpents
  Urug (Orc:1)
  A sun demon (Lair:5)
  Sonja (Lair:2)
  A naga sharpshooter (Snake:2)
  2 spriggan berserkers (Depths:2)
  A soul eater (WizLab)
  8 skysharks
  Nergalle (D:11)
  4 salamander mystics
  3 arcanists
  5 iron trolls
  A sea snake (Shoals:3)
  2 flayed ghosts (Depths:1)
  A glowing orange brain (D:15)
  2 mana vipers (Snake:2)
  5 harpies
  5 ironbound convokers
  11 deep trolls
  A lindwurm (shapeshifter) (Vaults:2)
  Pikel (D:6)
  4 deep elf pyromancers
  A necromancer (D:13)
  A lindwurm (Vaults:1)
  4 orc knights
  An obsidian bat (Orc:1)
  5 fauns
  3 ugly things
  5 orc sorcerers (Orc:2)
  6 manticores
  A fire giant zombie (D:15)
  5 nameless horrors
  7 cyclopes
  2 oklob plants
  14 elephants
  A kobold blastminer (Orc:2)
  7 black mambas
  2 guardian serpents (Snake:4)
  3 salamanders
  4 vault sentinels
  2 merfolk sirens
  Joseph (Lair:1)
  The ghost of ouz the Thaumaturge, a novice DECj of Vehumet (D:7)
  18 cane toads
  3 orange demons
  A cane toad (shapeshifter) (D:13)
  A gargoyle (D:12)
  An efreet (D:7)
  3 rime drakes
  10 komodo dragons
  9 yaktaurs
  A tormentor (WizLab)
  2 kobold demonologists
  3 tengu conjurers
  2 polar bears
  2 wind drakes
  5 ice devils
  A red devil (Lair:5)
  11 merfolk
  10 trolls
  2 hellwings
  12 blink frogs
  6 saltlings (Orc:2)
  4 hornets
  6 dream sheep (Lair:4)
  5 water elementals
  2 snapping turtles
  2 spriggans (Depths:2)
  A shadow (D:13)
  2 wraiths
  23 slime creatures
  4 wyverns
  An ettin skeleton (Depths:1)
  A yak (shapeshifter) (D:14)
  51 yaks
  A vampire (D:14)
  7 basilisks
  4 wargs
  3 steam dragons
  11 vampire mosquitoes
  5 nagas
  4 swamp worms (D:10)
  4 hell hounds (Lair:5)
  An acid dragon (D:13)
  21 water moccasins
  2 black bears
  23 orc warriors
  2 ice beasts
  5 wolves (Lair:3)
  5 ogres
  6 centaurs
  A phantom (D:5)
  2 lemures (D:6)
  15 bullfrogs
  A kobold brigand (D:7)
  4 scorpions
  5 wights (D:7)
  10 killer bees (D:9)
  6 electric eels
  2 bombardier beetles
  A gnoll bouda (D:7)
  2 hounds
  4 jellies
  22 orc priests
  2 iguanas (D:5)
  Terence (D:3)
  A sleepcap (D:6)
  Natasha (thrice) (D:3)
  20 orc wizards
  16 gnolls
  2 adders
  A shadow imp (D:7)
  2 ufetubi (D:6)
  A ribbon worm (D:2)
  2 dart slugs
  69 orcs
  5 endoplasms
  6 giant cockroaches
  9 hobgoblins
  8 jackals
  8 kobolds
  2 quokkas
  6 ball pythons
  4 bats
  5 goblins
  5 rats
817 creatures vanquished.

Vanquished Creatures (collateral kills)
  A juggernaut (Depths:2)
  A caustic shrike (Depths:2)
  Jory (Vaults:4)
  A walking divine tome (Depths:2)
  A tengu reaver (Depths:2)
  4 frost giants
  Roxanne (D:14)
  6 nagarajas
  An iron dragon (Depths:1)
  7 vault wardens
  3 very ugly things
  11 ironbound preservers
  A formless jellyfish (Vaults:3)
  2 ironbound thunderhulks
  An orc warlord (Vaults:4)
  7 stone giants
  A vampire knight (Depths:1)
  An eleionoma (Shoals:4)
  The ghost of Ilemutol the Brawler, a journeyman DrMo of Yredelemnul (D:15)
  4 dire elephants
  An ettin (Depths:1)
  2 merfolk javelineers (Shoals:4)
  A green death (WizLab)
  8 merfolk impalers
  A fire dragon (Depths:1)
  6 yaktaur captains
  3 great orbs of eyes
  7 vault guards (Vaults:4)
  3 ice dragons
  6 ironbound frosthearts
  2 salamander tyrants (Snake:4)
  3 hell beasts (WizLab)
  2 merfolk avatars (Shoals:4)
  2 spriggan air magi (Depths:2)
  3 alligator snapping turtles
  7 centaur warriors
  2 merfolk aquamancers
  8 anacondas
  2 boulder beetles
  4 satyrs
  2 deep troll shamans
  A deep troll earth mage (Depths:2)
  A tengu warrior (D:15)
  A vampire mage (Depths:1)
  18 naga warriors
  A spriggan berserker (Depths:2)
  A soul eater (WizLab)
  6 naga sharpshooters
  A hell knight (Depths:2)
  A skyshark (Shoals:2)
  5 shock serpents
  An occultist (Depths:1)
  3 spriggans (Depths:2)
  3 iron trolls
  A skeletal warrior (D:15)
  7 sea snakes
  2 salamander mystics
  3 arcanists
  3 glowing orange brains
  A golden dragon zombie (Depths:1)
  9 naga ritualists
  A mana viper (shapeshifter) (D:15)
  33 deep trolls
  A phantasmal warrior (D:15)
  5 ironbound convokers
  14 mana vipers
  2 necromancers
  A tengu zombie (D:15)
  4 lindwurms
  18 harpies
  A harpy (shapeshifter) (D:14)
  2 stone giant zombies (Depths:1)
  13 manticores
  12 salamanders
  15 ugly things
  26 fauns
  3 cyclopes
  28 black mambas
  19 naga magi
  8 water nymphs
  7 vault sentinels
  A fire giant skeleton (Depths:1)
  A smoke demon (WizLab)
  5 guardian serpents
  13 merfolk sirens
  15 yaktaurs
  An orange demon (WizLab)
  A freezing wraith (D:15)
  A red devil (WizLab)
  A tormentor (WizLab)
  A tengu conjurer (Depths:1)
  25 merfolk
  11 wind drakes
  3 hornets (Depths:2)
  9 snapping turtles
  11 slime creatures
  2 basilisks (D:15)
  14 water elementals
  A human zombie (D:15)
  39 nagas
  2 laughing skulls (D:15)
  3 centaurs (Shoals:4)
  A human simulacrum (D:15)
574 creatures vanquished.

Vanquished Creatures (others)
  A tengu conjurer (D:13)
  2 slime creatures (D:13)
  A bombardier beetle (D:4)
  A butterfly (Lair:2)
  36 fulminant prisms
41 creatures vanquished.

Grand Total: 1432 creatures vanquished

Notes
Turn   | Place    | Note
-------+----------+-------------------------------------------
     0 | D:1      | IndexError the Gnoll Conjurer began the quest for the Orb.
     0 | D:1      | Reached XP level 1. HP: 13/13 MP: 6/6
   132 | D:1      | Reached XP level 2. HP: 19/19 MP: 4/7
   500 | D:1      | Reached skill level 5 in Spellcasting
   500 | D:1      | Reached XP level 3. HP: 25/25 MP: 2/9
   524 | D:1      | Learned a level 2 spell: Searing Ray
   722 | D:1      | Reached skill level 1 in Invocations
  1318 | D:2      | Identified the +3 spear "Zaodol" {freeze, *Noise rElec MP+9
                  | Int+6}
  1386 | D:2      | Found Uwisk's Armour Boutique.
  1470 | D:2      | Found a shimmering altar of Xom.
  1489 | D:2      | Reached skill level 1 in Fighting
  1489 | D:2      | Reached skill level 1 in Short Blades
  1489 | D:2      | Reached skill level 1 in Long Blades
  1489 | D:2      | Reached skill level 1 in Axes
  1489 | D:2      | Reached skill level 1 in Maces & Flails
  1489 | D:2      | Reached skill level 1 in Polearms
  1489 | D:2      | Reached skill level 1 in Staves
  1489 | D:2      | Reached skill level 1 in Ranged Weapons
  1489 | D:2      | Reached skill level 1 in Throwing
  1489 | D:2      | Reached skill level 1 in Armour
  1489 | D:2      | Reached skill level 1 in Shields
  1489 | D:2      | Reached skill level 1 in Unarmed Combat
  1489 | D:2      | Reached skill level 1 in Evocations
  1633 | D:2      | Reached skill level 1 in Shapeshifting
  1633 | D:2      | Reached XP level 4. HP: 32/32 MP: 11/11
  1738 | D:2      | Found a faded altar of an unknown god.
  2299 | D:3      | Noticed Natasha
  2302 | D:3      | Killed Natasha
  2303 | D:3      | Reached skill level 1 in Hexes
  2303 | D:3      | Reached skill level 1 in Summonings
  2303 | D:3      | Reached skill level 1 in Necromancy
  2303 | D:3      | Reached skill level 1 in Translocations
  2303 | D:3      | Reached skill level 1 in Fire Magic
  2303 | D:3      | Reached skill level 1 in Ice Magic
  2303 | D:3      | Reached skill level 1 in Air Magic
  2303 | D:3      | Reached skill level 1 in Earth Magic
  2303 | D:3      | Reached skill level 1 in Alchemy
  2804 | D:3      | Reached XP level 5. HP: 37/37 MP: 12/12
  2917 | D:3      | Noticed Terence
  3093 | D:3      | Killed Terence
  3147 | D:3      | Noticed Natasha
  3150 | D:3      | Killed Natasha
  3151 | D:3      | Reached skill level 2 in Invocations
  3435 | D:3      | Noticed Natasha
  3445 | D:3      | Killed Natasha
  3446 | D:3      | Reached XP level 6. HP: 44/44 MP: 14/14
  3522 | D:3      | Reached skill level 5 in Dodging
  3610 | D:4      | Reached skill level 2 in Fighting
  3610 | D:4      | Reached skill level 2 in Short Blades
  3610 | D:4      | Reached skill level 2 in Long Blades
  3610 | D:4      | Reached skill level 2 in Axes
  3610 | D:4      | Reached skill level 2 in Maces & Flails
  3610 | D:4      | Reached skill level 2 in Polearms
  3610 | D:4      | Reached skill level 2 in Staves
  3610 | D:4      | Reached skill level 2 in Ranged Weapons
  3610 | D:4      | Reached skill level 2 in Throwing
  3610 | D:4      | Reached skill level 2 in Armour
  3610 | D:4      | Reached skill level 2 in Shields
  3610 | D:4      | Reached skill level 2 in Unarmed Combat
  3610 | D:4      | Reached skill level 2 in Evocations
  3852 | D:4      | You fall into a shaft and drop 3 floors!
  3891 | D:6      | Reached skill level 2 in Shapeshifting
  3916 | D:6      | Noticed a black bear
  3916 | D:6      | Noticed a hornet
  3923 | D:6      | Paralysed by a hornet for 1 turns
  3924 | D:6      | Killed a hornet
  3925 | D:6      | Reached skill level 2 in Hexes
  3925 | D:6      | Reached skill level 2 in Summonings
  3925 | D:6      | Reached skill level 2 in Necromancy
  3925 | D:6      | Reached skill level 2 in Translocations
  3925 | D:6      | Reached skill level 2 in Fire Magic
  3925 | D:6      | Reached skill level 2 in Ice Magic
  3925 | D:6      | Reached skill level 2 in Air Magic
  3925 | D:6      | Reached skill level 2 in Earth Magic
  3925 | D:6      | Reached skill level 2 in Alchemy
  3925 | D:6      | Reached XP level 7. HP: 28/51 MP: 15/15
  3925 | D:6      | HP: 9/51 [sleepcap (17)]
  3927 | D:6      | HP: 3/51 [sleepcap (5)]
  3929 | D:6      | Reached skill level 5 in Stealth
  3954 | D:6      | HP: 11/51 [ice beast (5)]
  3956 | D:6      | Reached skill level 3 in Invocations
  4105 | D:6      | Got the Reference Book on Weird Firn
  4111 | D:5      | Entered Level 5 of the Dungeon
  4147 | D:5      | Identified the +1 robe of Winter {Rampage Str+3}
  4287 | D:5      | Reached skill level 3 in Fighting
  4287 | D:5      | Reached skill level 3 in Short Blades
  4287 | D:5      | Reached skill level 3 in Long Blades
  4287 | D:5      | Reached skill level 3 in Axes
  4287 | D:5      | Reached skill level 3 in Maces & Flails
  4287 | D:5      | Reached skill level 3 in Polearms
  4287 | D:5      | Reached skill level 3 in Staves
  4287 | D:5      | Reached skill level 3 in Ranged Weapons
  4287 | D:5      | Reached skill level 3 in Throwing
  4287 | D:5      | Reached skill level 3 in Armour
  4287 | D:5      | Reached skill level 3 in Shields
  4287 | D:5      | Reached skill level 3 in Unarmed Combat
  4287 | D:5      | Reached skill level 3 in Evocations
  4287 | D:5      | Reached XP level 8. HP: 58/58 MP: 14/16
  4412 | D:5      | Reached skill level 6 in Spellcasting
  4704 | D:4      | Reached skill level 3 in Shapeshifting
  5205 | D:2      | Bought a +2 buckler of protection for 215 gold pieces
  5215 | D:2      | Learned a level 4 spell: Fulminant Prism
  5220 | D:2      | Learned a level 4 spell: Iskenderun's Mystic Blast
  5435 | D:5      | Found Vidghoh's Armour Shoppe.
  5540 | D:5      | Reached skill level 4 in Invocations
  5759 | D:5      | Reached skill level 3 in Hexes
  5759 | D:5      | Reached skill level 3 in Summonings
  5759 | D:5      | Reached skill level 3 in Necromancy
  5759 | D:5      | Reached skill level 3 in Translocations
  5759 | D:5      | Reached skill level 3 in Fire Magic
  5759 | D:5      | Reached skill level 3 in Ice Magic
  5759 | D:5      | Reached skill level 3 in Air Magic
  5759 | D:5      | Reached skill level 3 in Earth Magic
  5759 | D:5      | Reached skill level 3 in Alchemy
  5938 | D:6      | Found a glowing golden altar of the Shining One.
  5941 | D:6      | Found a hide-covered altar of Uskayaw.
  5945 | D:6      | Found a snail-covered altar of Cheibriados.
  6065 | D:6      | Reached skill level 6 in Dodging
  6449 | D:6      | Noticed Pikel
  6454 | D:6      | Killed Pikel
  6455 | D:6      | Reached skill level 4 in Fighting
  6455 | D:6      | Reached skill level 4 in Short Blades
  6455 | D:6      | Reached skill level 4 in Long Blades
  6455 | D:6      | Reached skill level 4 in Axes
  6455 | D:6      | Reached skill level 4 in Maces & Flails
  6455 | D:6      | Reached skill level 4 in Polearms
  6455 | D:6      | Reached skill level 4 in Staves
  6455 | D:6      | Reached skill level 4 in Ranged Weapons
  6455 | D:6      | Reached skill level 4 in Throwing
  6455 | D:6      | Reached skill level 4 in Armour
  6455 | D:6      | Reached skill level 6 in Stealth
  6455 | D:6      | Reached skill level 4 in Shields
  6455 | D:6      | Reached skill level 4 in Unarmed Combat
  6455 | D:6      | Reached skill level 8 in Conjurations
  6455 | D:6      | Reached skill level 4 in Evocations
  6455 | D:6      | Reached XP level 9. HP: 52/65 MP: 18/18
  6782 | D:7      | Reached skill level 4 in Shapeshifting
  6932 | D:7      | Reached skill level 5 in Invocations
  7057 | D:7      | Noticed an efreet
  7058 | D:7      | Found a runed translucent door.
  7058 | D:7      | Noticed ouz's ghost (novice DECj)
  7091 | D:7      | Reached skill level 7 in Spellcasting
  7487 | D:7      | Reached skill level 4 in Hexes
  7487 | D:7      | Reached skill level 4 in Summonings
  7487 | D:7      | Reached skill level 4 in Necromancy
  7487 | D:7      | Reached skill level 4 in Translocations
  7487 | D:7      | Reached skill level 4 in Fire Magic
  7487 | D:7      | Reached skill level 4 in Ice Magic
  7487 | D:7      | Reached skill level 4 in Air Magic
  7487 | D:7      | Reached skill level 4 in Earth Magic
  7487 | D:7      | Reached skill level 4 in Alchemy
  7696 | D:7      | Found a staircase to the Ecumenical Temple.
  7753 | Temple   | Entered the Ecumenical Temple
  7769 | Temple   | Became a worshipper of Vehumet
  7918 | D:7      | Found a blossoming altar of Fedhas.
  7930 | D:7      | Found a broken altar of Ashenzari.
  8079 | D:7      | Found a shimmering blue altar of Sif Muna.
  8080 | D:7      | Found an opulent altar of Gozag.
  8233 | D:8      | Reached skill level 5 in Fighting
  8233 | D:8      | Reached skill level 5 in Short Blades
  8233 | D:8      | Reached skill level 5 in Long Blades
  8233 | D:8      | Reached skill level 5 in Axes
  8233 | D:8      | Reached skill level 5 in Maces & Flails
  8233 | D:8      | Reached skill level 5 in Polearms
  8233 | D:8      | Reached skill level 5 in Staves
  8233 | D:8      | Reached skill level 5 in Ranged Weapons
  8233 | D:8      | Reached skill level 5 in Throwing
  8233 | D:8      | Reached skill level 5 in Armour
  8233 | D:8      | Reached skill level 5 in Shields
  8233 | D:8      | Reached skill level 5 in Unarmed Combat
  8233 | D:8      | Reached skill level 5 in Evocations
  8233 | D:8      | Reached XP level 10. HP: 71/74 MP: 20/20
  8242 | D:8      | Learned a level 5 spell: Irradiate
  8436 | D:8      | Learned a level 4 spell: Passage of Golubria
  8585 | D:8      | Reached skill level 7 in Dodging
  9234 | D:8      | Reached skill level 6 in Invocations
  9452 | D:9      | Reached skill level 7 in Stealth
  9452 | D:9      | Reached skill level 5 in Shapeshifting
  9588 | D:9      | Found a staircase to the Lair.
  9668 | D:9      | Found Yweah's Armour Emporium.
  9684 | D:9      | Reached * piety under Vehumet
  9684 | D:9      | Offered knowledge of Freeze by Vehumet.
 10294 | Lair:1   | Entered Level 1 of the Lair of Beasts
 10308 | Lair:1   | Noticed an elephant
 10378 | Lair:1   | Killed an elephant
 10607 | Lair:1   | Noticed an elephant
 10612 | Lair:1   | Noticed an elephant
 10623 | D:9      | Killed an elephant
 10624 | D:9      | Reached skill level 6 in Fighting
 10624 | D:9      | Reached skill level 6 in Short Blades
 10624 | D:9      | Reached skill level 6 in Long Blades
 10624 | D:9      | Reached skill level 6 in Axes
 10624 | D:9      | Reached skill level 6 in Maces & Flails
 10624 | D:9      | Reached skill level 6 in Polearms
 10624 | D:9      | Reached skill level 6 in Staves
 10624 | D:9      | Reached skill level 6 in Ranged Weapons
 10624 | D:9      | Reached skill level 6 in Throwing
 10624 | D:9      | Reached skill level 6 in Armour
 10624 | D:9      | Reached skill level 6 in Shields
 10624 | D:9      | Reached skill level 6 in Unarmed Combat
 10624 | D:9      | Reached skill level 5 in Hexes
 10624 | D:9      | Reached skill level 5 in Summonings
 10624 | D:9      | Reached skill level 5 in Necromancy
 10624 | D:9      | Reached skill level 5 in Translocations
 10624 | D:9      | Reached skill level 5 in Fire Magic
 10624 | D:9      | Reached skill level 5 in Ice Magic
 10624 | D:9      | Reached skill level 5 in Air Magic
 10624 | D:9      | Reached skill level 5 in Earth Magic
 10624 | D:9      | Reached skill level 5 in Alchemy
 10624 | D:9      | Reached skill level 6 in Evocations
 10741 | Lair:1   | Killed an elephant
 10742 | Lair:1   | Reached skill level 8 in Spellcasting
 10742 | Lair:1   | Reached XP level 11. HP: 57/81 MP: 6/23
 11440 | Lair:1   | Noticed Joseph
 11456 | Lair:1   | Killed Joseph
 11484 | Lair:1   | Reached skill level 9 in Conjurations
 11484 | Lair:1   | Reached skill level 7 in Invocations
 12071 | D:9      | Reached skill level 8 in Dodging
 12143 | Lair:1   | Reached skill level 6 in Shapeshifting
 12145 | Lair:1   | Reached skill level 8 in Stealth
 12787 | Lair:2   | Noticed a five-headed hydra
 12872 | Lair:2   | Killed a five-headed hydra
 12872 | Lair:2   | Offered knowledge of Scorch by Vehumet.
 13019 | Lair:1   | Reached skill level 7 in Fighting
 13019 | Lair:1   | Reached skill level 7 in Short Blades
 13019 | Lair:1   | Reached skill level 7 in Long Blades
 13019 | Lair:1   | Reached skill level 7 in Axes
 13019 | Lair:1   | Reached skill level 7 in Maces & Flails
 13019 | Lair:1   | Reached skill level 7 in Polearms
 13019 | Lair:1   | Reached skill level 7 in Staves
 13019 | Lair:1   | Reached skill level 7 in Ranged Weapons
 13019 | Lair:1   | Reached skill level 7 in Throwing
 13019 | Lair:1   | Reached skill level 7 in Armour
 13019 | Lair:1   | Reached skill level 7 in Shields
 13019 | Lair:1   | Reached skill level 7 in Unarmed Combat
 13019 | Lair:1   | Reached skill level 7 in Evocations
 13121 | Lair:2   | Reached ** piety under Vehumet
 13128 | Lair:2   | Reached XP level 12. HP: 88/91 MP: 10/24
 13356 | Lair:2   | Reached skill level 6 in Hexes
 13356 | Lair:2   | Reached skill level 6 in Summonings
 13356 | Lair:2   | Reached skill level 6 in Necromancy
 13356 | Lair:2   | Reached skill level 6 in Translocations
 13356 | Lair:2   | Reached skill level 6 in Fire Magic
 13356 | Lair:2   | Reached skill level 6 in Ice Magic
 13356 | Lair:2   | Reached skill level 6 in Air Magic
 13356 | Lair:2   | Reached skill level 6 in Earth Magic
 13356 | Lair:2   | Reached skill level 6 in Alchemy
 13466 | Lair:2   | Noticed Sonja
 13477 | Lair:2   | Killed Sonja
 13478 | Lair:2   | Reached skill level 9 in Spellcasting
 13478 | Lair:2   | Reached skill level 8 in Invocations
 13667 | Lair:2   | Identified the staff of Causality {^Contam rCorr Stlth+
                  | Earth}
 14370 | Lair:2   | Found a staircase to the Snake Pit.
 14683 | Lair:2   | Noticed a four-headed hydra
 14696 | Lair:2   | Killed a four-headed hydra
 14697 | Lair:2   | Reached skill level 9 in Dodging
 14907 | Lair:3   | Reached skill level 7 in Shapeshifting
 14985 | Lair:3   | Noticed an eight-headed hydra
 14993 | Lair:3   | Killed an eight-headed hydra
 15040 | Lair:3   | Offered knowledge of Mercury Vapours by Vehumet.
 15154 | Lair:3   | Reached skill level 9 in Stealth
 15394 | Lair:3   | Noticed a death yak
 15402 | Lair:3   | Noticed a death yak
 15402 | Lair:3   | Noticed a death yak
 15436 | Lair:3   | Killed a death yak
 15453 | Lair:3   | Noticed Snorg
 15504 | Lair:3   | Noticed a four-headed hydra
 15507 | Lair:3   | HP: 17/92 [death yak (23)]
 15873 | Lair:3   | Reached *** piety under Vehumet
 16001 | Lair:3   | Found a shimmering blue altar of Sif Muna.
 16038 | Lair:3   | Noticed a seven-headed hydra
 16047 | Lair:3   | Killed a seven-headed hydra
 16048 | Lair:3   | Reached skill level 8 in Fighting
 16048 | Lair:3   | Reached skill level 8 in Short Blades
 16048 | Lair:3   | Reached skill level 8 in Long Blades
 16048 | Lair:3   | Reached skill level 8 in Axes
 16048 | Lair:3   | Reached skill level 8 in Maces & Flails
 16048 | Lair:3   | Reached skill level 8 in Polearms
 16048 | Lair:3   | Reached skill level 8 in Staves
 16048 | Lair:3   | Reached skill level 8 in Ranged Weapons
 16048 | Lair:3   | Reached skill level 8 in Throwing
 16048 | Lair:3   | Reached skill level 8 in Armour
 16048 | Lair:3   | Reached skill level 8 in Shields
 16048 | Lair:3   | Reached skill level 8 in Unarmed Combat
 16048 | Lair:3   | Reached skill level 8 in Evocations
 16271 | Lair:3   | Killed a four-headed hydra
 16272 | Lair:3   | Reached XP level 13. HP: 84/98 MP: 16/26
 16301 | Lair:3   | Killed Snorg
 16302 | Lair:3   | Reached skill level 9 in Invocations
 16309 | Lair:3   | HP: 24/98 [poisoned by a merfolk]
 16831 | Lair:3   | Reached skill level 10 in Conjurations
 17263 | Lair:3   | Found a staircase to the Shoals.
 17661 | Lair:4   | Reached skill level 7 in Hexes
 17661 | Lair:4   | Reached skill level 7 in Summonings
 17661 | Lair:4   | Reached skill level 7 in Necromancy
 17661 | Lair:4   | Reached skill level 7 in Translocations
 17661 | Lair:4   | Reached skill level 7 in Fire Magic
 17661 | Lair:4   | Reached skill level 7 in Ice Magic
 17661 | Lair:4   | Reached skill level 7 in Air Magic
 17661 | Lair:4   | Reached skill level 7 in Earth Magic
 17661 | Lair:4   | Reached skill level 7 in Alchemy
 17875 | Lair:4   | Offered knowledge of Brom's Barrelling Boulder by Vehumet.
 18149 | Lair:4   | Reached skill level 10 in Spellcasting
 18155 | Lair:4   | HP: 24/99 [poisoned by a cane toad]
 18160 | Lair:4   | HP: 21/99 [poisoned by a cane toad]
 18469 | Lair:4   | HP: 23/99 [poisoned by a black mamba]
 18474 | Lair:4   | HP: 15/99 [poisoned by a black mamba]
 18726 | Lair:4   | Reached **** piety under Vehumet
 18752 | Lair:4   | Reached skill level 8 in Shapeshifting
 18977 | Lair:4   | Reached skill level 10 in Dodging
 19014 | Lair:4   | Offered knowledge of Yara's Violent Unravelling by Vehumet.
 19612 | Lair:5   | Entered Level 5 of the Lair of Beasts
 19749 | Lair:5   | Reached skill level 9 in Fighting
 19749 | Lair:5   | Reached skill level 9 in Short Blades
 19749 | Lair:5   | Reached skill level 9 in Long Blades
 19749 | Lair:5   | Reached skill level 9 in Axes
 19749 | Lair:5   | Reached skill level 9 in Maces & Flails
 19749 | Lair:5   | Reached skill level 9 in Polearms
 19749 | Lair:5   | Reached skill level 9 in Staves
 19749 | Lair:5   | Reached skill level 9 in Ranged Weapons
 19749 | Lair:5   | Reached skill level 9 in Throwing
 19749 | Lair:5   | Reached skill level 9 in Armour
 19749 | Lair:5   | Reached skill level 9 in Shields
 19749 | Lair:5   | Reached skill level 9 in Unarmed Combat
 19749 | Lair:5   | Reached skill level 9 in Evocations
 19827 | Lair:5   | Reached skill level 10 in Stealth
 19907 | Lair:5   | Gained mutation: You have hidden genetic defects.
                  | [mutagenic glow]
 20023 | Lair:5   | Reached XP level 14. HP: 108/108 MP: 25/28
 20031 | Lair:4   | Reached skill level 10 in Invocations
 20223 | Lair:5   | Reached ***** piety under Vehumet
 20223 | Lair:5   | Offered knowledge of Sticky Flame by Vehumet.
 20588 | Lair:5   | Gained mutation: You are clumsy. (Dex -2) [hidden defects]
 21158 | Lair:5   | Found a viscous altar of Jiyva.
 21158 | Lair:5   | Found a staircase to the Slime Pits.
 21705 | Lair:5   | Noticed a dire elephant
 22186 | Lair:5   | Gained mutation: You sometimes lose your temper in combat.
                  | [hidden defects]
 22186 | Lair:5   | Lost mutation: You have hidden genetic defects. [hidden
                  | defects expressed]
 22210 | Lair:5   | Reached skill level 8 in Hexes
 22210 | Lair:5   | Reached skill level 8 in Summonings
 22210 | Lair:5   | Reached skill level 8 in Necromancy
 22210 | Lair:5   | Reached skill level 8 in Translocations
 22210 | Lair:5   | Reached skill level 8 in Fire Magic
 22210 | Lair:5   | Reached skill level 8 in Ice Magic
 22210 | Lair:5   | Reached skill level 8 in Air Magic
 22210 | Lair:5   | Reached skill level 8 in Earth Magic
 22210 | Lair:5   | Reached skill level 8 in Alchemy
 22274 | Lair:5   | Lost mutation: You are clumsy. (Dex -2) [potion of
                  | mutation]
 22274 | Lair:5   | Lost mutation: You sometimes lose your temper in combat.
                  | [potion of mutation]
 22274 | Lair:5   | Gained mutation: Your flesh is cold resistant. (rC+)
                  | [potion of mutation]
 22295 | Lair:5   | Learned a level 6 spell: Permafrost Eruption
 22962 | Lair:5   | Found a burning altar of Makhleb.
 22968 | Lair:5   | Found a gateway to Hell.
 22975 | Lair:5   | Identified the +4 ring mail of Ufufasin {^Drain rPois
                  | Will++ Int+3}
 23368 | D:9      | Upgraded the game from 0.32-a0-899-geb5ba95c15 to
                  | 0.32-a0-908-g8e5f33bbaa
 23586 | D:10     | Entered Level 10 of the Dungeon
 23826 | D:10     | Reached skill level 11 in Spellcasting
 24051 | D:10     | Found Ykoow's Antique Weapon Emporium.
 24203 | D:10     | Found a staircase to the Orcish Mines.
 24227 | D:10     | Found a roughly hewn altar of Beogh.
 24465 | D:10     | Reached skill level 9 in Shapeshifting
 24504 | D:10     | Identified the +9 shortbow of the Living Dead {drain, Dex+6
                  | Stlth+}
 24985 | Orc:1    | Entered Level 1 of the Orcish Mines
 24985 | Orc:1    | Noticed Urug
 24991 | Orc:1    | Killed Urug
 25032 | Orc:1    | Noticed an orc warlord
 25180 | D:10     | Killed an orc warlord
 25744 | Orc:2    | Entered Level 2 of the Orcish Mines
 26001 | Orc:2    | Offered knowledge of Spellforged Servitor by Vehumet.
 26146 | Orc:2    | Reached skill level 11 in Dodging
 26146 | Orc:2    | Reached skill level 11 in Conjurations
 26280 | Orc:2    | Reached skill level 10 in Fighting
 26280 | Orc:2    | Reached skill level 10 in Short Blades
 26280 | Orc:2    | Reached skill level 10 in Long Blades
 26280 | Orc:2    | Reached skill level 10 in Axes
 26280 | Orc:2    | Reached skill level 10 in Maces & Flails
 26280 | Orc:2    | Reached skill level 10 in Polearms
 26280 | Orc:2    | Reached skill level 10 in Staves
 26280 | Orc:2    | Reached skill level 10 in Ranged Weapons
 26280 | Orc:2    | Reached skill level 10 in Throwing
 26280 | Orc:2    | Reached skill level 10 in Armour
 26280 | Orc:2    | Reached skill level 10 in Shields
 26280 | Orc:2    | Reached skill level 10 in Unarmed Combat
 26280 | Orc:2    | Reached skill level 10 in Evocations
 26741 | Orc:2    | Reached XP level 15. HP: 109/114 MP: 24/30
 26763 | Orc:2    | Reached skill level 11 in Invocations
 26894 | Orc:2    | Found Wubuegor's General Store.
 26900 | Orc:2    | Bought a scroll of revelation for 97 gold pieces
 26920 | Orc:2    | Reached skill level 11 in Stealth
 26924 | Orc:2    | Found Fidd's Magic Scroll Shoppe.
 27090 | Orc:2    | Noticed an orc warlord
 27097 | Orc:2    | HP: 15/112 [orc warrior/+0 flail[an orc warlord] (15)]
 27110 | Orc:2    | HP: 4/114 [warg[an orc warlord] (14)]
 27540 | Orc:2    | Found a staircase to the Elven Halls.
 27905 | Orc:2    | Killed an orc warlord
 28053 | Orc:2    | Found a roughly hewn altar of Beogh.
 28054 | Orc:2    | Found Veng's Jewellery Shoppe.
 28074 | Orc:2    | Found Wyfion's Distillery.
 28291 | Orc:2    | Bought a scroll of teleportation for 42 gold pieces
 28291 | Orc:2    | Bought a scroll of blinking for 105 gold pieces
 28291 | Orc:2    | Bought a scroll of teleportation for 42 gold pieces
 28393 | Orc:1    | Noticed Erolcha
 28475 | Orc:2    | Learned a level 7 spell: Spellforged Servitor
 28663 | Orc:1    | Noticed Harold
 28676 | Orc:1    | Killed Harold
 28862 | Orc:1    | Killed Erolcha
 29184 | D:11     | Noticed Nergalle
 29186 | D:11     | Killed Nergalle
 30432 | D:12     | Noticed Omaurr's ghost (journeyman DjAE)
 30441 | D:12     | Found a runed translucent gate.
 30441 | D:12     | Found a runed translucent gate.
 30441 | D:12     | Found a runed translucent gate.
 30894 | D:12     | Killed Omaurr's ghost
 31088 | D:13     | Reached skill level 9 in Hexes
 31088 | D:13     | Reached skill level 9 in Summonings
 31088 | D:13     | Reached skill level 9 in Necromancy
 31088 | D:13     | Reached skill level 9 in Translocations
 31088 | D:13     | Reached skill level 9 in Fire Magic
 31088 | D:13     | Reached skill level 9 in Ice Magic
 31088 | D:13     | Reached skill level 9 in Air Magic
 31088 | D:13     | Reached skill level 9 in Earth Magic
 31088 | D:13     | Reached skill level 9 in Alchemy
 31379 | D:13     | Offered knowledge of Arcjolt by Vehumet.
 31410 | D:13     | Found a gate to the Vaults.
 31466 | D:13     | Found a flickering gateway to a bazaar.
 31482 | Bazaar   | Entered a bazaar
 31620 | Bazaar   | Found Yveschap's Jewellery Shop.
 31637 | Bazaar   | Found Wutyepn's Antique Armour Shop.
 31671 | Bazaar   | Bought a pair of shimmering gloves for 161 gold pieces
 31671 | Bazaar   | Identified the +5 pair of gloves of the Countless Bounties
                  | {Fly rF+} (You bought it in a shop in a bazaar)
 31681 | Bazaar   | Bought a glowing cloak for 127 gold pieces
 31694 | Bazaar   | Upgraded the game from 0.32-a0-908-g8e5f33bbaa to
                  | 0.32-a0-913-g739538afd8
 31841 | D:13     | Found an opulent altar of Gozag.
 32118 | D:14     | Found a shadowy altar of Dithmenos.
 32131 | D:14     | Reached skill level 10 in Shapeshifting
 32145 | D:14     | Identified the +1 robe "Sughan" {*Corrode Dex+5}
 32433 | D:14     | Reached skill level 12 in Spellcasting
 32433 | D:14     | Reached XP level 16. HP: 124/124 MP: 23/32
 32505 | D:14     | Reached skill level 11 in Fighting
 32505 | D:14     | Reached skill level 11 in Short Blades
 32505 | D:14     | Reached skill level 11 in Long Blades
 32505 | D:14     | Reached skill level 11 in Axes
 32505 | D:14     | Reached skill level 11 in Maces & Flails
 32505 | D:14     | Reached skill level 11 in Polearms
 32505 | D:14     | Reached skill level 11 in Staves
 32505 | D:14     | Reached skill level 11 in Ranged Weapons
 32505 | D:14     | Reached skill level 11 in Throwing
 32505 | D:14     | Reached skill level 11 in Armour
 32505 | D:14     | Reached skill level 11 in Shields
 32505 | D:14     | Reached skill level 11 in Unarmed Combat
 32505 | D:14     | Reached skill level 11 in Evocations
 32978 | D:14     | Noticed Roxanne
 33288 | D:14     | Killed Roxanne
 33289 | D:14     | Reached skill level 12 in Invocations
 33342 | D:15     | Entered Level 15 of the Dungeon
 33395 | D:15     | Found Cireaps's Weapon Boutique.
 33718 | D:15     | Reached skill level 12 in Dodging
 33801 | D:15     | Found Jur Xudi's Armour Shop.
 34150 | D:15     | Found a transporter.
 34166 | D:15     | Noticed Ilemutol's ghost (journeyman DrMo)
 34169 | D:15     | Found a transporter.
 34491 | D:15     | Found a staircase to the Depths.
 35036 | D:15     | Reached skill level 12 in Stealth
 35065 | D:15     | Killed Ilemutol's ghost
 35127 | D:15     | Identified the granite talisman "Keton" {rF+++ rCorr Str-4
                  | Dex+4}
 35511 | Shoals:1 | Entered Level 1 of the Shoals
 36526 | Shoals:1 | Reached skill level 12 in Conjurations
 36729 | Shoals:1 | Offered knowledge of Plasma Beam by Vehumet.
 37073 | Shoals:2 | Found Ututaf's Armour Emporium.
 37211 | Shoals:2 | Identified the amulet of Darkness {Faith rC+}
 37220 | Shoals:2 | Learned a level 6 spell: Plasma Beam
 37494 | Shoals:2 | Reached XP level 17. HP: 133/133 MP: 33/33
 38334 | Shoals:3 | Reached skill level 10 in Hexes
 38334 | Shoals:3 | Reached skill level 10 in Summonings
 38334 | Shoals:3 | Reached skill level 10 in Necromancy
 38334 | Shoals:3 | Reached skill level 10 in Translocations
 38334 | Shoals:3 | Reached skill level 10 in Fire Magic
 38334 | Shoals:3 | Reached skill level 10 in Ice Magic
 38334 | Shoals:3 | Reached skill level 10 in Air Magic
 38334 | Shoals:3 | Reached skill level 10 in Earth Magic
 38334 | Shoals:3 | Reached skill level 10 in Alchemy
 38715 | Shoals:3 | HP: 24/133 [merfolk javelineer/silver javelin (11)]
 38982 | Shoals:3 | Reached skill level 11 in Shapeshifting
 38983 | Shoals:3 | Offered knowledge of Fireball by Vehumet.
 38984 | Shoals:3 | Reached skill level 13 in Invocations
 39017 | Shoals:3 | Found a flickering gateway to a bazaar.
 39030 | Bazaar   | Entered a bazaar
 39070 | Bazaar   | Found Ennu's Jewellery Emporium.
 39071 | Bazaar   | Found Loocen's Armour Boutique.
 39108 | Bazaar   | Found Gijoju's Book Shoppe.
 39116 | Bazaar   | Found Apoa's Magic Scroll Shop.
 39187 | Bazaar   | Bought the ring of Tociff {rElec rPois rF+ rC+ Str-4 Int+3}
                  | for 673 gold pieces
 39215 | Bazaar   | Bought a scroll of summoning for 114 gold pieces
 39215 | Bazaar   | Bought a scroll of teleportation for 36 gold pieces
 39215 | Bazaar   | Bought 2 scrolls of teleportation for 72 gold pieces
 39223 | Bazaar   | Bought a book of Unlife for 432 gold pieces
 39242 | Shoals:3 | Reached skill level 12 in Fighting
 39242 | Shoals:3 | Reached skill level 12 in Short Blades
 39242 | Shoals:3 | Reached skill level 12 in Long Blades
 39242 | Shoals:3 | Reached skill level 12 in Axes
 39242 | Shoals:3 | Reached skill level 12 in Maces & Flails
 39242 | Shoals:3 | Reached skill level 12 in Polearms
 39242 | Shoals:3 | Reached skill level 12 in Staves
 39242 | Shoals:3 | Reached skill level 12 in Ranged Weapons
 39242 | Shoals:3 | Reached skill level 12 in Throwing
 39242 | Shoals:3 | Reached skill level 12 in Armour
 39242 | Shoals:3 | Reached skill level 12 in Shields
 39242 | Shoals:3 | Reached skill level 12 in Unarmed Combat
 39242 | Shoals:3 | Reached skill level 12 in Evocations
 39853 | Shoals:3 | Reached skill level 13 in Spellcasting
 40105 | Shoals:4 | Entered Level 4 of the Shoals
 40105 | Shoals:4 | Noticed Polyphemus
 40287 | Shoals:4 | Identified the +6 long sword of Flawed Execution
                  | {antimagic, rC+ Int+3}
 40392 | Shoals:4 | Reached skill level 13 in Dodging
 40659 | Shoals:4 | Killed Polyphemus
 40716 | Shoals:4 | Reached skill level 13 in Stealth
 41257 | Shoals:4 | Identified the +6 great mace of Nanuits {flame, Str+3
                  | Int+3}
 41265 | Shoals:4 | Reached XP level 18. HP: 86/141 MP: 3/35
 41385 | Shoals:4 | Offered knowledge of Lee's Rapid Deconstruction by Vehumet.
 41536 | Shoals:4 | Got a barnacled rune of Zot
 41875 | Shoals:4 | Identified the ring "Vihatt" {rF+ Will+ rCorr}
 42181 | Shoals:4 | Found a runed translucent door.
 42182 | Shoals:4 | Noticed Godo's ghost (adept DECj)
 42273 | Shoals:4 | Killed Godo's ghost
 42463 | Snake:1  | Entered Level 1 of the Snake Pit
 42481 | Snake:1  | Found Waloudis's Distillery.
 42486 | Snake:1  | Bought a potion of magic for 104 gold pieces
 42486 | Snake:1  | Bought a potion of resistance for 130 gold pieces
 42486 | Snake:1  | Bought a potion of heal wounds for 65 gold pieces
 42486 | Snake:1  | Bought a potion of brilliance for 52 gold pieces
 42486 | Snake:1  | Bought a potion of curing for 39 gold pieces
 42833 | Snake:1  | Found Bearchew's Antique Weapon Emporium.
 42838 | Snake:1  | Found Wejurr's Book Emporium.
 42868 | Snake:1  | Found Qoen's Weapon Shoppe.
 43310 | Snake:1  | Identified a scroll of acquirement
 43318 | Snake:1  | Acquired the death talisman "Yfextaw" {rC+ Will- Int+8
                  | Slay-5}
 44226 | Snake:2  | Reached skill level 14 in Invocations
 44348 | Snake:2  | Reached skill level 11 in Hexes
 44348 | Snake:2  | Reached skill level 11 in Summonings
 44348 | Snake:2  | Reached skill level 11 in Necromancy
 44348 | Snake:2  | Reached skill level 11 in Translocations
 44348 | Snake:2  | Reached skill level 11 in Fire Magic
 44348 | Snake:2  | Reached skill level 11 in Ice Magic
 44348 | Snake:2  | Reached skill level 11 in Air Magic
 44348 | Snake:2  | Reached skill level 11 in Earth Magic
 44348 | Snake:2  | Reached skill level 11 in Alchemy
 44529 | Snake:2  | Reached skill level 13 in Conjurations
 44536 | Snake:2  | Reached skill level 13 in Fighting
 44536 | Snake:2  | Reached skill level 13 in Short Blades
 44536 | Snake:2  | Reached skill level 13 in Long Blades
 44536 | Snake:2  | Reached skill level 13 in Axes
 44536 | Snake:2  | Reached skill level 13 in Maces & Flails
 44536 | Snake:2  | Reached skill level 13 in Polearms
 44536 | Snake:2  | Reached skill level 13 in Staves
 44536 | Snake:2  | Reached skill level 13 in Ranged Weapons
 44536 | Snake:2  | Reached skill level 13 in Throwing
 44536 | Snake:2  | Reached skill level 13 in Armour
 44536 | Snake:2  | Reached skill level 13 in Shields
 44536 | Snake:2  | Reached skill level 13 in Unarmed Combat
 44536 | Snake:2  | Reached skill level 13 in Evocations
 44549 | Snake:2  | Reached ****** piety under Vehumet
 44549 | Snake:2  | Offered knowledge of Bombard by Vehumet.
 44891 | Snake:2  | Reached skill level 12 in Shapeshifting
 45786 | Snake:3  | Reached skill level 14 in Spellcasting
 46701 | Snake:3  | Found Udoajig's Distillery.
 46703 | Snake:3  | Found Fyerynus's Distillery.
 46705 | Snake:3  | Found Biffev's Assorted Antiques.
 46713 | Snake:3  | Bought a viscous coppery potion for 39 gold pieces
 46717 | Snake:3  | Bought a potion of resistance for 170 gold pieces
 46717 | Snake:3  | Bought a potion of magic for 136 gold pieces
 46717 | Snake:3  | Bought a potion of haste for 170 gold pieces
 46889 | Snake:3  | Reached XP level 19. HP: 149/149 MP: 32/37
 46919 | Snake:3  | Reached skill level 14 in Dodging
 47576 | Snake:4  | Entered Level 4 of the Snake Pit
 47748 | Snake:4  | Noticed Mlioglotl
 47751 | Snake:4  | Noticed a bone dragon
 47754 | Snake:4  | Killed Mlioglotl
 48026 | Snake:4  | Reached skill level 14 in Stealth
 48217 | Snake:4  | Offered knowledge of Fire Storm by Vehumet.
 48217 | Snake:4  | Offered knowledge of Chain Lightning by Vehumet.
 48217 | Snake:4  | Offered knowledge of Maxwell's Capacitive Coupling by
                  | Vehumet.
 48222 | Snake:4  | Noticed Vashnia
 48769 | Snake:4  | Killed Vashnia
 49669 | Snake:4  | Got a serpentine rune of Zot
 50096 | D:7      | Killed ouz's ghost
 50303 | Vaults:1 | Entered Level 1 of the Vaults
 50501 | Vaults:1 | Reached skill level 15 in Invocations
 50519 | Vaults:1 | Found Domojul's Antique Armour Boutique.
 50780 | Vaults:1 | Reached XP level 20. HP: 76/158 MP: 30/38
 51054 | Vaults:1 | Noticed Zenata
 51068 | Vaults:1 | HP: 39/158 [+2 heavy battleaxe[Zenata] (14)]
 51069 | Vaults:1 | HP: 19/158 [+1 halberd of flaming[Zenata] (14)]
 51406 | Vaults:1 | Reached skill level 14 in Fighting
 51406 | Vaults:1 | Reached skill level 14 in Short Blades
 51406 | Vaults:1 | Reached skill level 14 in Long Blades
 51406 | Vaults:1 | Reached skill level 14 in Axes
 51406 | Vaults:1 | Reached skill level 14 in Maces & Flails
 51406 | Vaults:1 | Reached skill level 14 in Polearms
 51406 | Vaults:1 | Reached skill level 14 in Staves
 51406 | Vaults:1 | Reached skill level 14 in Ranged Weapons
 51406 | Vaults:1 | Reached skill level 14 in Throwing
 51406 | Vaults:1 | Reached skill level 14 in Armour
 51406 | Vaults:1 | Reached skill level 14 in Shields
 51406 | Vaults:1 | Reached skill level 14 in Unarmed Combat
 51406 | Vaults:1 | Reached skill level 14 in Evocations
 51963 | Vaults:1 | Killed Zenata
 51964 | Vaults:1 | Reached skill level 13 in Shapeshifting
 52285 | Vaults:2 | Reached skill level 12 in Hexes
 52285 | Vaults:2 | Reached skill level 12 in Summonings
 52285 | Vaults:2 | Reached skill level 12 in Necromancy
 52285 | Vaults:2 | Reached skill level 12 in Translocations
 52285 | Vaults:2 | Reached skill level 12 in Fire Magic
 52285 | Vaults:2 | Reached skill level 12 in Ice Magic
 52285 | Vaults:2 | Reached skill level 12 in Air Magic
 52285 | Vaults:2 | Reached skill level 12 in Earth Magic
 52285 | Vaults:2 | Reached skill level 12 in Alchemy
 52312 | Vaults:2 | Identified an amulet "Regg" {*Slow +Inv Regen+ rCorr Int+3}
 52770 | Vaults:2 | Reached skill level 15 in Spellcasting
 53622 | Vaults:3 | Reached skill level 15 in Dodging
 53764 | Vaults:3 | Reached skill level 14 in Conjurations
 53772 | Vaults:3 | HP: 33/160 [ironbound thunderhulk/bolt of lightning (44)]
 54381 | Vaults:3 | Found a staircase to the Crypt.
 54381 | Vaults:3 | Found a basalt altar of Yredelemnul.
 54382 | Vaults:3 | Found an ancient bone altar of Kikubaaqudgha.
 54411 | Vaults:3 | Reached skill level 15 in Stealth
 54827 | Vaults:3 | Found a runed translucent gate.
 54827 | Vaults:3 | Found a runed translucent gate.
 54827 | Vaults:3 | Found a runed translucent gate.
 54828 | Vaults:3 | Noticed astronautguy's ghost (master FoEE)
 55377 | Vaults:3 | Identified the +6 double sword "Niwkoimo" {venom, rN+ Will+
                  | Str+4}
 55381 | Vaults:3 | Found an iron altar of Okawaru.
 55541 | Vaults:4 | Learned a level 8 spell: Lehudib's Crystal Spear
 55680 | Vaults:4 | Noticed Jory
 55744 | Vaults:4 | Noticed an ancient lich
 55744 | Vaults:4 | Found the +9 sword of Power {lifebolt}
 55945 | Vaults:4 | Killed an ancient lich
 55946 | Vaults:4 | Reached XP level 21. HP: 80/166 MP: 8/40
 56590 | Vaults:4 | Killed Jory
 56780 | Vaults:4 | Reached skill level 16 in Invocations
 57008 | Vaults:4 | Found a runed translucent gate.
 57009 | Vaults:4 | Found a runed translucent gate.
 57009 | Vaults:4 | Found a runed translucent gate.
 57009 | Vaults:4 | Noticed Yjimoseergh's ghost (adept SpFE)
 57968 | Vaults:1 | Bought a pair of runed boots for 285 gold pieces
 58445 | Depths:1 | Entered Level 1 of the Depths
 58942 | Depths:1 | Reached skill level 15 in Fighting
 58942 | Depths:1 | Reached skill level 15 in Short Blades
 58942 | Depths:1 | Reached skill level 15 in Long Blades
 58942 | Depths:1 | Reached skill level 15 in Axes
 58942 | Depths:1 | Reached skill level 15 in Maces & Flails
 58942 | Depths:1 | Reached skill level 15 in Polearms
 58942 | Depths:1 | Reached skill level 15 in Staves
 58942 | Depths:1 | Reached skill level 15 in Ranged Weapons
 58942 | Depths:1 | Reached skill level 15 in Throwing
 58942 | Depths:1 | Reached skill level 15 in Armour
 58942 | Depths:1 | Reached skill level 15 in Shields
 58942 | Depths:1 | Reached skill level 15 in Unarmed Combat
 58942 | Depths:1 | Reached skill level 15 in Evocations
 59029 | Depths:1 | Found a one-way gate to the infinite horrors of the Abyss.
 59069 | Depths:1 | Found an ancient bone altar of Kikubaaqudgha.
 59499 | Depths:1 | Found a huge runed translucent gate.
 59499 | Depths:1 | Found a huge runed translucent gate.
 59499 | Depths:1 | Found a huge runed translucent gate.
 59500 | Depths:1 | Found a huge runed translucent gate.
 59501 | Depths:1 | Found a huge runed translucent gate.
 59501 | Depths:1 | Found a huge runed translucent gate.
 59501 | Depths:1 | Found a huge runed translucent gate.
 59502 | Depths:1 | Found a huge runed translucent gate.
 59504 | Depths:1 | Found a huge runed translucent gate.
 59504 | Depths:1 | Found a huge runed translucent gate.
 59505 | Depths:1 | Found a huge runed translucent gate.
 59505 | Depths:1 | Found a huge runed translucent gate.
 59506 | Depths:1 | Found a huge runed translucent gate.
 59507 | Depths:1 | Found a huge runed translucent gate.
 59508 | Depths:1 | Found a huge runed translucent gate.
 59508 | Depths:1 | Found a huge runed translucent gate.
 59510 | Depths:1 | Found a huge runed translucent gate.
 59632 | Depths:1 | Found a huge runed translucent gate.
 59633 | Depths:1 | Found a huge runed translucent gate.
 59640 | Depths:1 | Found a huge runed translucent gate.
 59640 | Depths:1 | Found a huge runed translucent gate.
 59640 | Depths:1 | Found a huge runed translucent gate.
 59656 | Depths:1 | Found a huge runed translucent gate.
 59656 | Depths:1 | Found a huge runed translucent gate.
 59657 | Depths:1 | Found a huge runed translucent gate.
 59658 | Depths:1 | Found a huge runed translucent gate.
 59659 | Depths:1 | Found a huge runed translucent gate.
 59660 | Depths:1 | Found a huge runed translucent gate.
 59661 | Depths:1 | Found a huge runed translucent gate.
 59662 | Depths:1 | Found a huge runed translucent gate.
 59662 | Depths:1 | Found a huge runed translucent gate.
 59665 | Depths:1 | Found a huge runed translucent gate.
 59667 | Depths:1 | Found a huge runed translucent gate.
 59667 | Depths:1 | Found a huge runed translucent gate.
 59670 | Depths:1 | Found a huge runed translucent gate.
 59671 | Depths:1 | Found a huge runed translucent gate.
 59775 | Depths:1 | Found Noumaifi's Jewellery Emporium.
 59810 | Depths:1 | Found Fizasmoo's Book Boutique.
 59811 | Depths:1 | Found Heocarat's Jewellery Emporium.
 60309 | Depths:2 | Found a stormy altar of Qazlal.
 60521 | Depths:2 | Reached skill level 14 in Shapeshifting
 60710 | Depths:2 | Found a one-way gate leading to the halls of Pandemonium.
 61028 | Depths:2 | Reached skill level 16 in Spellcasting
 61089 | Depths:2 | Reached skill level 13 in Hexes
 61089 | Depths:2 | Reached skill level 13 in Summonings
 61089 | Depths:2 | Reached skill level 13 in Necromancy
 61089 | Depths:2 | Reached skill level 13 in Translocations
 61089 | Depths:2 | Reached skill level 13 in Fire Magic
 61089 | Depths:2 | Reached skill level 13 in Ice Magic
 61089 | Depths:2 | Reached skill level 13 in Air Magic
 61089 | Depths:2 | Reached skill level 13 in Earth Magic
 61089 | Depths:2 | Reached skill level 13 in Alchemy
 61111 | Depths:2 | Reached XP level 22. HP: 116/175 MP: 42/42
 61806 | Depths:2 | Noticed a caustic shrike
 61806 | Depths:2 | Noticed a juggernaut
 61818 | Depths:2 | Killed a caustic shrike
 61847 | Depths:2 | Killed a juggernaut
 61848 | Depths:2 | Reached skill level 16 in Dodging
 62381 | Depths:3 | Found a magical portal.
 62399 | WizLab   | Entered The Hall of the Hellbinder
 62527 | WizLab   | HP: 40/176 [??? (38)]
 62842 | WizLab   | Reached skill level 16 in Stealth
 62945 | WizLab   | Identified the +9 arbalest of Qeocoz {flame, Fly Dex+2}
 62967 | WizLab   | HP: 32/176 [hellephant/blast of flame (20)]
 62975 | WizLab   | Killed from afar by a hellion

Illustrated notes

Levels and vault maps discovered:
D:1:      dpeg_arrival_tiny_h, layout_loops_ring, serial_aquarium,
          aquarium_bridge_square [aquarium_subvault_bridge,
          aquarium_subvault_wall, aquarium_subvault_wall,
          aquarium_subvault_wall], aquarium_window_corridor_3,
          aquarium_window_fake, aquarium_view_2d, aquarium_view_2a,
          aquarium_pool_1, minmay_tetromino_s2
D:2:      layout_basic, ebering_ecumenical_altar_hall, serial_shops,
          nicolae_shop_window_shopping, basic_altar
D:3:      layout_basic, uniq_natasha, uniq_terence
D:4:      layout_basic
D:5:      layout_basic, serial_shops, shop
D:6:      layout_rooms, minmay_overflow_temple_star_quad, minivault_11,
          minmay_misc_feat_alley, minmay_misc_feat_hallway, grunt_ministairs_9,
          uniq_pikel
D:7:      lemuel_ice_spiral_2, layout_basic, jmf_multi_god_temple2,
          gammafunk_temple_overflow_pools, minmay_temple_entry_tees,
          ebering_ghost_inner_flame
D:8:      layout_basic
D:9:      layout_big_octagon, serial_shops, shop
D:10:     layout_loops_cross, minmay_orc_entry_temple_small, serial_shops,
          nicolae_square_shop, serial_rivers, chequers_serial_rivers_large_a,
          chequers_serial_rivers_marsh, chequers_serial_rivers_room_b,
          chequers_serial_rivers_marsh, chequers_serial_rivers_micro_b,
          worms_lemuel
D:11:     layout_rooms, uniq_nergalle
D:12:     layout_loops_cross, maelrawn_ghost_gauntlet_escape
D:13:     layout_rooms, david_vaults_1, serial_shops, bzr_firewalk,
          grunt_gozag_breadcrumbs
D:14:     layout_loops_ring, nicolae_dithmenos_the_darkroom, uniq_roxanne
D:15:     gammafunk_enter_depths_forms, layout_loops_corners,
          gammafunk_ghost_mausoleum, serial_shops, nicolae_shop_trees,
          chequers_arboretum, minmay_shop_grid_forest
Temple:   hellmonk_temple_two_chambers
Lair:1:   layout_gridlike, portal_ice_cave_demonic_guard, serial_bayou_lagoon_b,
          uniq_joseph
Lair:2:   beargit_carnivore_pack, layout_gridlike, guppyfry_snake_entry_island,
          roderic_carrion_pond, minmay_lair_oklob_bushes, st_stairs_11,
          lemuel_fruit_fields, uniq_sonja
Lair:3:   layout_cave_pods, elwin_shoals_entry_stream, basic_altar,
          hibernation_bobbens, grunt_megastairs_1, serial_bayou_shore_b,
          uniq_snorg
Lair:4:   layout_loops_ring, minivault_19, chequers_serial_rivers_marsh,
          grunt_megastairs_3
Lair:5:   evil_forest, layout_gridlike, minmay_slime_entry_pillars
Shoals:1: layout_shoals, nicolae_shoals_spring_well_temple
Shoals:2: layout_shoals, serial_shops, shop, nicolae_shoals_arrival_archipelago
Shoals:3: layout_shoals, serial_shops, bzr_entry_safe
Shoals:4: shoals_end_simple, layout_shoals, gammafunk_ghost_grave,
          nicolae_shoals_enchanted_isle, uniq_polyphemus
Snake:1:  layout_layer_cave, serial_shops, shop, nicolae_shop_hallway_plus,
          nicolae_shop_bloodbath_and_beyond, shop
Snake:2:  layout_concentric_octagons, nicolae_snake_shapes, grunt_megastairs_2,
          serial_bayou_shore_b
Snake:3:  layout_layer_cave, nicolae_triple_integral, minmay_shop_star
Snake:4:  johnstein_snake_rune_scales, layout_chambers, uniq_mlioglotl
Orc:1:    layout_caves, uniq_harold, uniq_erolcha, uniq_urug
Orc:2:    hellmonk_orc_salted, layout_diamond_mine
Vaults:1: ontoclasm_vaults_fault, nicolae_vaults_house_1, vaults_mumra_hexcomb,
          vaults_room_corners, nicolae_vaults_display_case,
          nicolae_vaults_tangram_1, v_misc_24, nicolae_vaults_double_plus_2,
          ontoclasm_vaults_hangar, nicolae_vaults_network_star,
          nicolae_vaults_storage_closets_3, ontoclasm_vaults_idyll, v_rooms_4,
          layout_vaults_maze_snakey, serial_shops, nicolae_shop_trees,
          uniq_zenata
Vaults:2: nicolae_vaults_closet_pinwheel_6, nicolae_vaults_three_branches,
          nicolae_vaults_offset_grid_hallway_2, nicolae_vaults_sesquioval_fish,
          v_alt_pattern_4, nicolae_vaults_trapezoid_3,
          nicolae_vaults_octothorpe, nicolae_vaults_trapezoid_lopsided_3,
          vaults_room_fours, nicolae_vaults_trapezoid_4,
          vaults_room_hangedman_quadrants, layout_vaults_ring
Vaults:3: gammafunk_ghost_fury_of_okawaru, vaults_room_octagon,
          nicolae_vaults_apartment_2, minmay_crypt_entry_necro_gods,
          hangedman_vaults_snaps, vaults_dpeg_hooks, vaults_room_stairs_pillars,
          layout_vaults_big_room
Vaults:4: gammafunk_ghost_necromancy, v_misc_25, v_misc_9, grunt_vaults_focal,
          ontoclasm_vaults_gateway, minmay_guarded_unrand_sword_of_power,
          nicolae_vaults_mini_display_case, layout_vaults_omnigrid, uniq_jory
Depths:1: layout_cave_pools, grunt_hell_entry_dis_grunt, serial_bayou,
          serial_bayou_lagoon_a, serial_bayou_crossing, serial_bayou_shore_b,
          serial_bayou_lake_a, serial_bayou_pond_b, serial_bayou_pond_d,
          kiku_gazebo_garden_becter, hangedman_abyss_entry_splay,
          not_door_vault_due, minmay_shop_grove, firewood_loft,
          serial_bayou_shore_b
Depths:2: kennysheep_water_balloons, layout_basic, hell_entry,
          nicolae_qazlal_scattered_showers, abyss_entry, pan_entry,
          infiniplex_staircase_pool_2, kennysheep_random_hallway
Depths:3: minmay_the_grid_square_5x5_5x5_mashed
          [minmay_the_grid_square_5x5_gyroscope, minmay_the_grid_square_5x5_z,
          minmay_the_grid_square_5x5_detours,
          minmay_the_grid_square_5x5_minimal,
          minmay_the_grid_square_5x5_spiral_small,
          minmay_the_grid_square_5x5_sharp_hourglass,
          minmay_the_grid_square_5x5_prize_open, minmay_the_grid_square_5x5_n,
          minmay_the_grid_square_5x5_prize_itemx,
          minmay_the_grid_square_5x5_two_small,
          minmay_the_grid_square_5x5_longway,
          minmay_the_grid_square_5x5_beaten_path,
          minmay_the_grid_square_5x5_prize_rear_guard,
          minmay_the_grid_square_5x5_eight_small,
          minmay_the_grid_square_5x5_shuriken, minmay_the_grid_square_5x5_empty,
          minmay_the_grid_square_5x5_prize_deathbox,
          minmay_the_grid_square_5x5_bridge,
          minmay_the_grid_square_5x5_prize_snowflake,
          minmay_the_grid_square_5x5_mess, minmay_the_grid_square_5x5_empty,
          minmay_the_grid_square_5x5_pentomino_r,
          minmay_the_grid_square_5x5_lines,
          minmay_the_grid_square_5x5_fancy_junction,
          minmay_the_grid_square_5x5_almost_minimal], layout_gridlike,
          regret_index_abyss_entry_earlier_magic, nicolae_two_hexagons,
          hell_entry, mu_enter_wizlab_1, fedhas_altar_3, uniq_sojobo
WizLab:   wizlab_demon

Skill      XL: |  1  2  3  4  5  6  7  8  9 10 11 12 13 14 15 16 17 18 19 20 21 22 |
---------------+-------------------------------------------------------------------+-----
Spellcasting   | 5 6 7 8 9 10 11 12 13 14 15 16 | 16.2
Invocations    | 1 2 3 4 5 6 7 8 9 10 11 12 13 14 15 16 | 16.8
Fighting       | 1 2 3 4 5 6 7 8 9 10 11 12 13 14 15 | 15.5
Short Blades   | 1 2 3 4 5 6 7 8 9 10 11 12 13 14 15 | 15.5
Long Blades    | 1 2 3 4 5 6 7 8 9 10 11 12 13 14 15 | 15.5
Axes           | 1 2 3 4 5 6 7 8 9 10 11 12 13 14 15 | 15.5
Maces & Flails | 1 2 3 4 5 6 7 8 9 10 11 12 13 14 15 | 15.5
Polearms       | 1 2 3 4 5 6 7 8 9 10 11 12 13 14 15 | 15.5
Staves         | 1 2 3 4 5 6 7 8 9 10 11 12 13 14 15 | 15.5
Ranged Weapons | 1 2 3 4 5 6 7 8 9 10 11 12 13 14 15 | 15.5
Throwing       | 1 2 3 4 5 6 7 8 9 10 11 12 13 14 15 | 15.5
Armour         | 1 2 3 4 5 6 7 8 9 10 11 12 13 14 15 | 15.5
Shields        | 1 2 3 4 5 6 7 8 9 10 11 12 13 14 15 | 15.5
Unarmed Combat | 1 2 3 4 5 6 7 8 9 10 11 12 13 14 15 | 15.5
Evocations     | 1 2 3 4 5 6 7 8 9 10 11 12 13 14 15 | 15.5
Shapeshifting  | 1 2 3 4 5 6 7 8 9 10 11 12 13 14 | 14.3
Hexes          | 1 2 3 4 5 6 7 8 9 10 11 12 13 | 13.1
Summonings     | 1 2 3 4 5 6 7 8 9 10 11 12 13 | 13.1
Necromancy     | 1 2 3 4 5 6 7 8 9 10 11 12 13 | 13.1
Translocations | 1 2 3 4 5 6 7 8 9 10 11 12 13 | 13.1
Fire Magic     | 1 2 3 4 5 6 7 8 9 10 11 12 13 | 13.1
Ice Magic      | 1 2 3 4 5 6 7 8 9 10 11 12 13 | 13.1
Air Magic      | 1 2 3 4 5 6 7 8 9 10 11 12 13 | 13.1
Earth Magic    | 1 2 3 4 5 6 7 8 9 10 11 12 13 | 13.1
Alchemy        | 1 2 3 4 5 6 7 8 9 10 11 12 13 | 13.1
Dodging        | 5 6 7 8 9 10 11 12 13 14 15 16 | 16.1
Stealth        | 5 6 7 8 9 10 11 12 13 14 15 16 | 16.0
Conjurations   | 8 9 10 11 12 13 14 | 14.8

Action                     |  1- 3 |  4- 6 |  7- 9 | 10-12 | 13-15 | 16-18 | 19-21 | 22-24 || total
---------------------------+-------+-------+-------+-------+-------+-------+-------+-------++-------
  Melee: Spear             |     9 |    15 |     8 |     7 |       |       |       |       ||    39
         Bite              |     1 |     4 |     2 |    18 |   141 |    53 |    55 |    12 ||   286
         Staff             |       |       |       |   133 |   831 |   299 |   295 |    49 ||  1607
  Throw: Javelin           |       |     1 |       |       |       |       |       |       ||     1
         Dart              |       |       |       |       |     2 |       |       |       ||     2
   Cast: Magic Dart        |    56 |    64 |   159 |   192 |   332 |     4 |     1 |       ||   808
         Searing Ray       |     1 |    13 |    41 |    36 |    35 |       |       |       ||   126
         Irradiate         |       |       |       |    55 |    99 |    15 |    21 |     2 ||   192
         Fulminant Prism   |       |       |       |    21 |    15 |       |       |       ||    36
         Iskenderun's Myst |       |       |       |     6 |    10 |     9 |     1 |       ||    26
         Permafrost Erupti |       |       |       |       |    69 |    13 |    18 |     1 ||   101
         Spellforged Servi |       |       |       |       |     5 |   115 |   119 |    18 ||   257
         Plasma Beam       |       |       |       |       |       |    34 |    77 |    12 ||   123
  Evoke: Wand              |       |       |       |     1 |     3 |       |       |       ||     4
    Use: Potion            |       |       |     1 |       |     5 |       |     1 |       ||     7
         Scroll            |       |       |       |    20 |    14 |     7 |     7 |     2 ||    50
   Stab: Sleeping          |       |       |     1 |       |     6 |     3 |     1 |       ||    11
         Distracted        |       |       |       |     1 |     1 |     2 |     5 |     2 ||    11
 Armour: Robe              |     7 |    18 |    35 |   249 |   348 |       |       |       ||   657
         Ring mail         |       |       |       |       |   191 |   336 |   320 |    36 ||   883
  Dodge: Dodged            |     6 |    18 |    23 |   203 |   384 |   165 |   144 |    21 ||   964
  Block: Other             |       |     5 |     5 |       |       |       |       |       ||    10
         Buckler           |       |       |    31 |   253 |   575 |   280 |   256 |    35 ||  1430
         Reflection        |       |       |     5 |     3 |    20 |    63 |    44 |     1 ||   136
         Form:             |       |       |       |       |       |       |     1 |       ||     1
         Statue            |       |       |       |       |       |       |     1 |       ||     1
         Death             |       |       |       |       |       |       |     1 |       ||     1

Table legend: (Time is in decaauts)
 A = Elapsed time spent in this place.
 B = Non-inter-level travel time spent in this place.
 C = Inter-level travel time spent in this place.
 D = Time resting spent in this place.
 E = Time spent auto-exploring this place.
 F = Levels seen in this place.
 G = Mean time per level.
                   A        B        C        D        E       F      G
               +--------+--------+--------+--------+--------+-----+--------+
         Total |  62676 |  57726 |   4950 |    945 |  47435 |  41 | 1528.7 |
       Dungeon |  19226 |  17180 |   2046 |    285 |  14452 |  15 | 1281.7 |
        Temple |     22 |      7 |     15 |      0 |      0 |   1 |   22.0 |
          Lair |  12909 |  11972 |    937 |    493 |   9363 |   5 | 2581.8 |
        Shoals |   6635 |   6363 |    272 |     35 |   5241 |   4 | 1658.8 |
     Snake Pit |   7490 |   6983 |    507 |      0 |   5982 |   4 | 1872.5 |
  Orcish Mines |   3586 |   3286 |    300 |    132 |   2384 |   2 | 1793.0 |
        Vaults |   7987 |   7278 |    709 |      0 |   6332 |   4 | 1996.8 |
        Depths |   3822 |   3661 |    161 |      0 |   2972 |   3 | 1274.0 |
        Bazaar |    427 |    427 |      0 |      0 |    290 |   2 |  213.5 |
        Wizlab |    567 |    567 |      0 |      0 |    419 |   1 |  567.0 |
               +--------+--------+--------+--------+--------+-----+--------+

Top non-repeatable levels by time:
  Lair:3: 3087 daAuts
  Lair:5: 3046 daAuts
   Orc:2: 2480 daAuts
  Lair:1: 2420 daAuts
Vaults:1: 2342 daAuts
  Lair:2: 2308 daAuts
Vaults:4: 2264 daAuts
 Snake:4: 2242 daAuts
 Snake:3: 2163 daAuts
Shoals:4: 2154 daAuts
Depths:1: 2069 daAuts
  Lair:4: 2046 daAuts
Shoals:2: 1880 daAuts
    D:10: 1865 daAuts
Vaults:2: 1808 daAuts

Levels and vault maps discovered:
D:1:      dpeg_arrival_tiny_h, layout_loops_ring, serial_aquarium,
          aquarium_bridge_square [aquarium_subvault_bridge,
          aquarium_subvault_wall, aquarium_subvault_wall,
          aquarium_subvault_wall], aquarium_window_corridor_3,
          aquarium_window_fake, aquarium_view_2d, aquarium_view_2a,
          aquarium_pool_1, minmay_tetromino_s2
D:2:      layout_basic, ebering_ecumenical_altar_hall, serial_shops,
          nicolae_shop_window_shopping, basic_altar
D:3:      layout_basic, uniq_natasha, uniq_terence
D:4:      layout_basic
D:5:      layout_basic, serial_shops, shop
D:6:      layout_rooms, minmay_overflow_temple_star_quad, minivault_11,
          minmay_misc_feat_alley, minmay_misc_feat_hallway, grunt_ministairs_9,
          uniq_pikel
D:7:      lemuel_ice_spiral_2, layout_basic, jmf_multi_god_temple2,
          gammafunk_temple_overflow_pools, minmay_temple_entry_tees,
          ebering_ghost_inner_flame
D:8:      layout_basic
D:9:      layout_big_octagon, serial_shops, shop
D:10:     layout_loops_cross, minmay_orc_entry_temple_small, serial_shops,
          nicolae_square_shop, serial_rivers, chequers_serial_rivers_large_a,
          chequers_serial_rivers_marsh, chequers_serial_rivers_room_b,
          chequers_serial_rivers_marsh, chequers_serial_rivers_micro_b,
          worms_lemuel
D:11:     layout_rooms, uniq_nergalle
D:12:     layout_loops_cross, maelrawn_ghost_gauntlet_escape
D:13:     layout_rooms, david_vaults_1, serial_shops, bzr_firewalk,
          grunt_gozag_breadcrumbs
D:14:     layout_loops_ring, nicolae_dithmenos_the_darkroom, uniq_roxanne
D:15:     gammafunk_enter_depths_forms, layout_loops_corners,
          gammafunk_ghost_mausoleum, serial_shops, nicolae_shop_trees,
          chequers_arboretum, minmay_shop_grid_forest
Temple:   hellmonk_temple_two_chambers
Lair:1:   layout_gridlike, portal_ice_cave_demonic_guard, serial_bayou_lagoon_b,
          uniq_joseph
Lair:2:   beargit_carnivore_pack, layout_gridlike, guppyfry_snake_entry_island,
          roderic_carrion_pond, minmay_lair_oklob_bushes, st_stairs_11,
          lemuel_fruit_fields, uniq_sonja
Lair:3:   layout_cave_pods, elwin_shoals_entry_stream, basic_altar,
          hibernation_bobbens, grunt_megastairs_1, serial_bayou_shore_b,
          uniq_snorg
Lair:4:   layout_loops_ring, minivault_19, chequers_serial_rivers_marsh,
          grunt_megastairs_3
Lair:5:   evil_forest, layout_gridlike, minmay_slime_entry_pillars
Shoals:1: layout_shoals, nicolae_shoals_spring_well_temple
Shoals:2: layout_shoals, serial_shops, shop, nicolae_shoals_arrival_archipelago
Shoals:3: layout_shoals, serial_shops, bzr_entry_safe
Shoals:4: shoals_end_simple, layout_shoals, gammafunk_ghost_grave,
          nicolae_shoals_enchanted_isle, uniq_polyphemus
Snake:1:  layout_layer_cave, serial_shops, shop, nicolae_shop_hallway_plus,
          nicolae_shop_bloodbath_and_beyond, shop
Snake:2:  layout_concentric_octagons, nicolae_snake_shapes, grunt_megastairs_2,
          serial_bayou_shore_b
Snake:3:  layout_layer_cave, nicolae_triple_integral, minmay_shop_star
Snake:4:  johnstein_snake_rune_scales, layout_chambers, uniq_mlioglotl
Orc:1:    layout_caves, uniq_harold, uniq_erolcha, uniq_urug
Orc:2:    hellmonk_orc_salted, layout_diamond_mine
Vaults:1: ontoclasm_vaults_fault, nicolae_vaults_house_1, vaults_mumra_hexcomb,
          vaults_room_corners, nicolae_vaults_display_case,
          nicolae_vaults_tangram_1, v_misc_24, nicolae_vaults_double_plus_2,
          ontoclasm_vaults_hangar, nicolae_vaults_network_star,
          nicolae_vaults_storage_closets_3, ontoclasm_vaults_idyll, v_rooms_4,
          layout_vaults_maze_snakey, serial_shops, nicolae_shop_trees,
          uniq_zenata
Vaults:2: nicolae_vaults_closet_pinwheel_6, nicolae_vaults_three_branches,
          nicolae_vaults_offset_grid_hallway_2, nicolae_vaults_sesquioval_fish,
          v_alt_pattern_4, nicolae_vaults_trapezoid_3,
          nicolae_vaults_octothorpe, nicolae_vaults_trapezoid_lopsided_3,
          vaults_room_fours, nicolae_vaults_trapezoid_4,
          vaults_room_hangedman_quadrants, layout_vaults_ring
Vaults:3: gammafunk_ghost_fury_of_okawaru, vaults_room_octagon,
          nicolae_vaults_apartment_2, minmay_crypt_entry_necro_gods,
          hangedman_vaults_snaps, vaults_dpeg_hooks, vaults_room_stairs_pillars,
          layout_vaults_big_room
Vaults:4: gammafunk_ghost_necromancy, v_misc_25, v_misc_9, grunt_vaults_focal,
          ontoclasm_vaults_gateway, minmay_guarded_unrand_sword_of_power,
          nicolae_vaults_mini_display_case, layout_vaults_omnigrid, uniq_jory
Depths:1: layout_cave_pools, grunt_hell_entry_dis_grunt, serial_bayou,
          serial_bayou_lagoon_a, serial_bayou_crossing, serial_bayou_shore_b,
          serial_bayou_lake_a, serial_bayou_pond_b, serial_bayou_pond_d,
          kiku_gazebo_garden_becter, hangedman_abyss_entry_splay,
          not_door_vault_due, minmay_shop_grove, firewood_loft,
          serial_bayou_shore_b
Depths:2: kennysheep_water_balloons, layout_basic, hell_entry,
          nicolae_qazlal_scattered_showers, abyss_entry, pan_entry,
          infiniplex_staircase_pool_2, kennysheep_random_hallway
Depths:3: minmay_the_grid_square_5x5_5x5_mashed
          [minmay_the_grid_square_5x5_gyroscope, minmay_the_grid_square_5x5_z,
          minmay_the_grid_square_5x5_detours,
          minmay_the_grid_square_5x5_minimal,
          minmay_the_grid_square_5x5_spiral_small,
          minmay_the_grid_square_5x5_sharp_hourglass,
          minmay_the_grid_square_5x5_prize_open, minmay_the_grid_square_5x5_n,
          minmay_the_grid_square_5x5_prize_itemx,
          minmay_the_grid_square_5x5_two_small,
          minmay_the_grid_square_5x5_longway,
          minmay_the_grid_square_5x5_beaten_path,
          minmay_the_grid_square_5x5_prize_rear_guard,
          minmay_the_grid_square_5x5_eight_small,
          minmay_the_grid_square_5x5_shuriken, minmay_the_grid_square_5x5_empty,
          minmay_the_grid_square_5x5_prize_deathbox,
          minmay_the_grid_square_5x5_bridge,
          minmay_the_grid_square_5x5_prize_snowflake,
          minmay_the_grid_square_5x5_mess, minmay_the_grid_square_5x5_empty,
          minmay_the_grid_square_5x5_pentomino_r,
          minmay_the_grid_square_5x5_lines,
          minmay_the_grid_square_5x5_fancy_junction,
          minmay_the_grid_square_5x5_almost_minimal], layout_gridlike,
          regret_index_abyss_entry_earlier_magic, nicolae_two_hexagons,
          hell_entry, mu_enter_wizlab_1, fedhas_altar_3, uniq_sojobo
WizLab:   wizlab_demon

Table legend: (Time is in decaauts)
 A = Elapsed time spent in this place.
 B = Non-inter-level travel time spent in this place.
 C = Inter-level travel time spent in this place.
 D = Time resting spent in this place.
 E = Time spent auto-exploring this place.
 F = Levels seen in this place.
 G = Mean time per level.
                   A        B        C        D        E       F      G
               +--------+--------+--------+--------+--------+-----+--------+
         Total |  62676 |  57726 |   4950 |    945 |  47435 |  41 | 1528.7 |
       Dungeon |  19226 |  17180 |   2046 |    285 |  14452 |  15 | 1281.7 |
        Temple |     22 |      7 |     15 |      0 |      0 |   1 |   22.0 |
          Lair |  12909 |  11972 |    937 |    493 |   9363 |   5 | 2581.8 |
        Shoals |   6635 |   6363 |    272 |     35 |   5241 |   4 | 1658.8 |
     Snake Pit |   7490 |   6983 |    507 |      0 |   5982 |   4 | 1872.5 |
  Orcish Mines |   3586 |   3286 |    300 |    132 |   2384 |   2 | 1793.0 |
        Vaults |   7987 |   7278 |    709 |      0 |   6332 |   4 | 1996.8 |
        Depths |   3822 |   3661 |    161 |      0 |   2972 |   3 | 1274.0 |
        Bazaar |    427 |    427 |      0 |      0 |    290 |   2 |  213.5 |
        Wizlab |    567 |    567 |      0 |      0 |    419 |   1 |  567.0 |
               +--------+--------+--------+--------+--------+-----+--------+

Top non-repeatable levels by time:
  Lair:3: 3087 daAuts
  Lair:5: 3046 daAuts
   Orc:2: 2480 daAuts
  Lair:1: 2420 daAuts
Vaults:1: 2342 daAuts
  Lair:2: 2308 daAuts
Vaults:4: 2264 daAuts
 Snake:4: 2242 daAuts
 Snake:3: 2163 daAuts
Shoals:4: 2154 daAuts
Depths:1: 2069 daAuts
  Lair:4: 2046 daAuts
Shoals:2: 1880 daAuts
    D:10: 1865 daAuts
Vaults:2: 1808 daAuts

Table legend:
 A = Kills in this place as a percentage of kills in the entire game.
 B = Kills by you in this place as a percentage of kills by you in the entire game.
 C = Kills by friends in this place as a percentage of kills by friends in the entire game.
 D = Other kills in this place as a percentage of other kills in the entire game.
 E = Experience gained in this place as a percentage of experience gained in the entire game.
 F = Experience gained in this place divided by the number of levels of this place that you have seen.
                   A       B       C       D       E      F
               +-------+-------+-------+-------+-------+----------------------
         Total | 100.0 | 100.0 | 100.0 | 100.0 | 100.0 | 15398.1
       Dungeon |  24.5 |  37.0 |   6.4 | 100.0 |  11.0 | 4608.7
          Lair |  15.3 |  26.2 |   0.0 |   0.0 |  10.2 | 12887.8
        Shoals |  14.5 |   5.8 |  26.8 |   0.0 |  16.9 | 26613.0
     Snake Pit |  14.7 |   3.8 |  30.1 |   0.0 |  18.4 | 29115.8
  Orcish Mines |   7.6 |  13.1 |   0.0 |   0.0 |   3.3 | 10568.5
        Vaults |  14.4 |   7.4 |  24.2 |   0.0 |  24.3 | 38374.8
        Depths |   7.8 |   5.7 |  10.8 |   0.0 |  13.8 | 29031.0
        Wizlab |   1.2 |   1.0 |   1.6 |   0.0 |   2.1 | 13109.0
               +-------+-------+-------+-------+-------+----------------------
